General information
- name: BNet
- type: Ladder team game (AT/RT)
- host: Battle.net
- saver: Goodmanners
map: Friends
- players: 8
- length: 116:17
- speed: Fast
- version: 1.21 W3XP
- replay type: Public
» download(829 KB)
Players
team 1 (winner)
BEAR_AND (
orange | 56 APM | 6419 actions | 114:48)
7 Archmage
3 Blizzard
3 Brilliance Aura
1 Mass Teleport
7 Mountain King
3 Storm Bolt
3 Bash
1 Avatar
6 Paladin
3 Holy Light
3 Divine Shield
» actions
| Assign group hotkey | 14 | |
| Basic commands | 5 | |
| Build / train | 166 | |
| Enter build submenu | 78 | |
| Enter hero's abilities submenu | 21 | |
| Give item / drop item | 10 | |
| Remove unit from queue | 16 | |
| Right click | 4204 | |
| Select / deselect | 719 | |
| Select group hotkey | 684 | |
| Use ability | 502 | |
6419 total
» units
| Peasant | 9 | |
| Goblin Shredder | 4 | |
| Goblin Zeppelin | 4 | |
| Priest | 1 | |
| Sorceress | 1 | |
19 total
» upgrades
| Masonry | 3 | |
| Lumber Harvesting | 2 | |
| Priest Training | 2 | |
| Sorceress Training | 2 | |
| Magic Sentry | 1 | |
| Control Magic | 1 | |
| Cloud | 1 | |
| Storm Hammers | 1 | |
| Animal War Training | 1 | |
| Swords | 1 | |
| Armor | 1 | |
16 total
» buildings
| Altar of Kings | 3 | |
| Farm | 5 | |
| Lumber Mill | 2 | |
| Scout Tower | 197 | |
| Guard Tower | 67 | |
| Keep | 3 | |
| Castle | 1 | |
| Town Hall | 4 | |
| Arcane Vault | 2 | |
| Arcane Sanctum | 2 | |
| Gryphon Aviary | 2 | |
| Blacksmith | 1 | |
| Barracks | 1 | |
290 total
» build order
00:15 Altar of Kings
00:17 Farm
00:30 Lumber Mill
01:00 Farm
01:14 Scout Tower
01:15 Scout Tower
01:47 Scout Tower
01:47 Scout Tower
01:49 Scout Tower
02:07 Guard Tower
02:18 Guard Tower
03:17 Guard Tower
03:39 Scout Tower
03:39 Scout Tower
03:42 Scout Tower
03:46 Scout Tower
03:47 Scout Tower
04:01 Guard Tower
04:17 Guard Tower
04:25 Keep
04:25 Keep
04:25 Keep
04:31 Scout Tower
04:32 Scout Tower
04:33 Scout Tower
04:33 Scout Tower
04:34 Scout Tower
04:36 Scout Tower
04:44 Guard Tower
04:54 Farm
05:15 Guard Tower
05:17 Scout Tower
05:37 Scout Tower
05:37 Scout Tower
05:48 Guard Tower
05:51 Guard Tower
05:54 Scout Tower
05:55 Scout Tower
05:56 Scout Tower
06:35 Guard Tower
06:39 Guard Tower
06:40 Guard Tower
06:40 Guard Tower
06:53 Guard Tower
06:55 Scout Tower
07:19 Guard Tower
07:20 Guard Tower
08:22 Guard Tower
08:47 Scout Tower
08:48 Scout Tower
09:04 Scout Tower
09:07 Castle
09:34 Farm
09:35 Farm
09:35 Guard Tower
09:38 Scout Tower
09:39 Scout Tower
09:41 Scout Tower
10:37 Guard Tower
11:15 Town Hall
12:12 Scout Tower
12:14 Scout Tower
12:15 Scout Tower
12:16 Guard Tower
12:43 Scout Tower
12:43 Scout Tower
12:44 Scout Tower
12:45 Scout Tower
12:50 Arcane Vault
13:03 Guard Tower
13:13 Guard Tower
13:18 Arcane Vault
13:34 Guard Tower
13:36 Scout Tower
13:37 Scout Tower
13:38 Scout Tower
13:47 Guard Tower
14:12 Arcane Sanctum
14:15 Arcane Sanctum
14:16 Guard Tower
14:20 Guard Tower
14:29 Scout Tower
14:31 Scout Tower
14:31 Scout Tower
14:32 Scout Tower
14:32 Guard Tower
14:35 Scout Tower
14:35 Scout Tower
14:36 Scout Tower
14:36 Scout Tower
14:38 Guard Tower
16:09 Guard Tower
16:13 Scout Tower
16:14 Scout Tower
16:56 Guard Tower
17:01 Scout Tower
17:01 Scout Tower
17:03 Scout Tower
17:04 Scout Tower
17:05 Scout Tower
17:35 Guard Tower
17:52 Scout Tower
17:53 Scout Tower
17:53 Scout Tower
17:54 Scout Tower
18:15 Guard Tower
18:18 Scout Tower
18:19 Scout Tower
19:27 Guard Tower
20:17 Scout Tower
20:18 Guard Tower
21:15 Town Hall
21:20 Scout Tower
21:21 Scout Tower
21:22 Scout Tower
21:23 Scout Tower
21:24 Scout Tower
21:25 Scout Tower
21:25 Scout Tower
21:26 Scout Tower
21:27 Scout Tower
21:27 Scout Tower
21:28 Scout Tower
21:29 Scout Tower
21:29 Scout Tower
21:30 Scout Tower
21:31 Scout Tower
21:31 Scout Tower
21:33 Scout Tower
21:34 Scout Tower
21:48 Guard Tower
22:48 Scout Tower
22:49 Scout Tower
22:50 Scout Tower
22:51 Scout Tower
22:51 Scout Tower
22:55 Guard Tower
24:42 Guard Tower
24:44 Guard Tower
25:08 Guard Tower
25:36 Altar of Kings
25:53 Altar of Kings
26:45 Scout Tower
26:47 Scout Tower
26:47 Scout Tower
26:49 Scout Tower
26:51 Scout Tower
26:52 Scout Tower
26:53 Scout Tower
26:54 Scout Tower
26:54 Scout Tower
26:57 Scout Tower
26:57 Scout Tower
27:00 Scout Tower
27:00 Scout Tower
27:01 Scout Tower
27:09 Scout Tower
27:10 Scout Tower
27:11 Scout Tower
27:12 Scout Tower
27:13 Guard Tower
27:44 Guard Tower
28:58 Guard Tower
29:01 Gryphon Aviary
30:17 Guard Tower
31:01 Gryphon Aviary
31:18 Guard Tower
32:02 Guard Tower
32:37 Guard Tower
32:47 Scout Tower
33:24 Blacksmith
33:26 Barracks
34:41 Guard Tower
38:12 Lumber Mill
39:50 Scout Tower
39:52 Scout Tower
39:52 Scout Tower
39:54 Scout Tower
39:54 Scout Tower
39:56 Scout Tower
39:56 Scout Tower
39:57 Scout Tower
39:58 Scout Tower
42:53 Guard Tower
43:18 Guard Tower
43:34 Scout Tower
43:37 Scout Tower
43:39 Scout Tower
43:40 Scout Tower
43:41 Scout Tower
43:42 Scout Tower
43:43 Scout Tower
43:44 Scout Tower
43:45 Scout Tower
43:46 Scout Tower
43:46 Scout Tower
43:47 Scout Tower
43:47 Scout Tower
43:48 Scout Tower
44:16 Guard Tower
44:19 Scout Tower
44:20 Scout Tower
44:21 Scout Tower
44:21 Scout Tower
44:22 Scout Tower
44:22 Scout Tower
44:23 Scout Tower
44:24 Scout Tower
44:25 Scout Tower
44:26 Scout Tower
44:28 Scout Tower
44:29 Scout Tower
44:30 Scout Tower
44:52 Guard Tower
44:55 Scout Tower
44:56 Scout Tower
44:57 Scout Tower
44:58 Scout Tower
45:00 Scout Tower
45:01 Scout Tower
45:02 Scout Tower
45:03 Scout Tower
45:03 Scout Tower
45:05 Scout Tower
45:05 Scout Tower
45:07 Scout Tower
45:07 Scout Tower
45:08 Guard Tower
45:34 Guard Tower
45:45 Guard Tower
48:29 Guard Tower
49:06 Guard Tower
49:23 Guard Tower
49:26 Scout Tower
49:26 Scout Tower
49:28 Scout Tower
49:32 Guard Tower
50:14 Guard Tower
53:25 Guard Tower
53:28 Scout Tower
53:30 Scout Tower
53:30 Scout Tower
53:32 Scout Tower
53:33 Scout Tower
53:34 Scout Tower
53:36 Scout Tower
53:36 Scout Tower
53:38 Scout Tower
53:39 Scout Tower
53:40 Scout Tower
53:42 Scout Tower
53:43 Scout Tower
53:44 Scout Tower
53:45 Scout Tower
53:47 Scout Tower
53:48 Scout Tower
53:48 Scout Tower
53:50 Scout Tower
53:52 Scout Tower
53:52 Scout Tower
53:53 Scout Tower
53:54 Scout Tower
53:55 Scout Tower
53:57 Scout Tower
53:58 Scout Tower
53:59 Scout Tower
54:00 Guard Tower
54:13 Guard Tower
54:14 Guard Tower
56:59 Guard Tower
57:02 Guard Tower
65:43 Guard Tower
69:02 Scout Tower
69:06 Scout Tower
84:45 Town Hall
85:02 Scout Tower
85:03 Scout Tower
85:04 Scout Tower
85:06 Scout Tower
85:34 Town Hall
85:57 Guard Tower
» items
| Healing Salve | 2 | |
| Staff of Sanctuary | 3 | |
| Orb of Lightning | 3 | |
| Sobi Mask | 1 | |
| Mana Stone | 1 | |
| Inferno Stone | 1 | |
| Robe of the Magi +6 | 1 | |
| Scourge Bone Chimes | 1 | |
| Scroll of Town Portal | 2 | |
15 total
Goodmanners (
teal | 98 APM | 11434 actions | 116:17)
4 Pandaren Brewmaster
2 Breath of Fire
2 Drunken Brawler
» actions
| Assign group hotkey | 52 | |
| Basic commands | 20 | |
| Build / train | 1543 | |
| ESC pressed | 28 | |
| Enter build submenu | 497 | |
| Enter hero's abilities submenu | 4 | |
| Remove unit from queue | 8 | |
| Right click | 1853 | |
| Select / deselect | 2300 | |
| Select group hotkey | 4 | |
| Use ability | 5124 | |
11434 total
» units
» upgrades
| Masonry | 3 | |
| Lumber Harvesting | 2 | |
| Magic Sentry | 1 | |
6 total
» buildings
| Scout Tower | 5016 | |
| Altar of Kings | 1 | |
| Arcane Tower | 2 | |
| Lumber Mill | 2 | |
| Farm | 5 | |
| Guard Tower | 1439 | |
| Keep | 1 | |
| Town Hall | 3 | |
| Arcane Sanctum | 1 | |
| Castle | 3 | |
6473 total
» build order
00:05 Scout Tower
00:06 Scout Tower
00:09 Altar of Kings
00:33 Arcane Tower
00:34 Arcane Tower
00:41 Lumber Mill
01:08 Scout Tower
01:10 Scout Tower
01:25 Farm
01:47 Guard Tower
01:47 Guard Tower
01:59 Farm
02:10 Farm
02:31 Scout Tower
02:32 Guard Tower
02:36 Scout Tower
02:37 Scout Tower
02:50 Scout Tower
02:51 Scout Tower
02:51 Scout Tower
03:18 Guard Tower
03:20 Guard Tower
03:21 Scout Tower
03:31 Guard Tower
03:46 Guard Tower
03:53 Guard Tower
03:54 Scout Tower
03:55 Scout Tower
04:08 Guard Tower
04:08 Guard Tower
04:14 Scout Tower
04:14 Scout Tower
04:15 Scout Tower
04:16 Scout Tower
04:17 Scout Tower
04:22 Scout Tower
04:23 Scout Tower
04:24 Scout Tower
04:25 Scout Tower
04:26 Scout Tower
04:27 Scout Tower
04:28 Scout Tower
04:29 Scout Tower
04:39 Guard Tower
04:39 Guard Tower
04:45 Scout Tower
04:46 Scout Tower
04:47 Scout Tower
04:47 Scout Tower
04:52 Guard Tower
04:59 Guard Tower
05:19 Scout Tower
05:20 Scout Tower
05:20 Scout Tower
05:21 Scout Tower
05:39 Scout Tower
05:40 Scout Tower
05:41 Scout Tower
05:43 Guard Tower
05:44 Guard Tower
05:53 Guard Tower
06:01 Guard Tower
06:02 Guard Tower
06:13 Guard Tower
06:13 Guard Tower
06:13 Guard Tower
06:21 Guard Tower
06:21 Guard Tower
06:34 Guard Tower
06:35 Guard Tower
06:35 Guard Tower
06:35 Guard Tower
06:47 Scout Tower
06:48 Scout Tower
06:50 Scout Tower
06:54 Scout Tower
06:55 Scout Tower
06:55 Scout Tower
07:13 Scout Tower
07:14 Scout Tower
07:15 Scout Tower
07:16 Scout Tower
07:17 Scout Tower
07:18 Scout Tower
07:19 Scout Tower
07:19 Scout Tower
07:27 Guard Tower
07:35 Guard Tower
07:35 Guard Tower
07:39 Guard Tower
07:40 Guard Tower
07:45 Guard Tower
07:45 Guard Tower
07:46 Guard Tower
08:03 Guard Tower
08:03 Guard Tower
08:05 Guard Tower
08:05 Guard Tower
08:13 Guard Tower
08:13 Guard Tower
08:19 Guard Tower
08:19 Guard Tower
08:19 Guard Tower
08:35 Scout Tower
08:37 Scout Tower
08:41 Guard Tower
08:49 Guard Tower
08:50 Guard Tower
09:12 Guard Tower
09:24 Guard Tower
09:25 Scout Tower
09:32 Scout Tower
09:48 Scout Tower
09:49 Scout Tower
09:50 Scout Tower
09:52 Scout Tower
09:55 Farm
09:55 Farm
09:58 Guard Tower
10:01 Guard Tower
10:03 Scout Tower
10:08 Scout Tower
10:12 Keep
10:14 Guard Tower
10:16 Scout Tower
10:17 Scout Tower
10:18 Scout Tower
10:19 Scout Tower
10:35 Guard Tower
10:35 Guard Tower
10:40 Guard Tower
10:40 Guard Tower
10:40 Guard Tower
11:12 Town Hall
11:16 Scout Tower
11:17 Scout Tower
11:19 Scout Tower
11:20 Scout Tower
11:21 Scout Tower
11:23 Scout Tower
11:34 Scout Tower
11:36 Guard Tower
11:47 Guard Tower
11:48 Scout Tower
11:49 Scout Tower
11:55 Guard Tower
12:11 Guard Tower
12:12 Guard Tower
12:13 Scout Tower
12:14 Scout Tower
12:16 Scout Tower
12:16 Scout Tower
12:17 Scout Tower
12:23 Guard Tower
12:24 Scout Tower
12:25 Scout Tower
12:25 Scout Tower
12:27 Scout Tower
12:28 Scout Tower
12:29 Scout Tower
12:33 Scout Tower
12:34 Scout Tower
12:35 Scout Tower
12:36 Scout Tower
12:37 Scout Tower
12:38 Scout Tower
12:42 Scout Tower
12:44 Scout Tower
12:45 Scout Tower
12:48 Scout Tower
12:50 Scout Tower
12:50 Scout Tower
12:52 Guard Tower
12:52 Guard Tower
13:05 Scout Tower
13:06 Scout Tower
13:07 Scout Tower
13:08 Scout Tower
13:09 Scout Tower
13:09 Scout Tower
13:10 Scout Tower
13:11 Scout Tower
13:11 Scout Tower
13:12 Scout Tower
13:14 Guard Tower
13:19 Scout Tower
13:20 Scout Tower
13:21 Scout Tower
13:21 Scout Tower
13:22 Scout Tower
13:23 Scout Tower
13:23 Scout Tower
13:24 Scout Tower
13:38 Guard Tower
13:38 Guard Tower
13:49 Guard Tower
13:49 Guard Tower
13:58 Scout Tower
13:59 Scout Tower
14:00 Scout Tower
14:00 Scout Tower
14:03 Guard Tower
14:04 Guard Tower
14:07 Guard Tower
14:11 Arcane Sanctum
14:12 Guard Tower
14:12 Guard Tower
14:15 Guard Tower
14:16 Scout Tower
14:16 Scout Tower
14:18 Scout Tower
14:18 Scout Tower
14:19 Scout Tower
14:20 Scout Tower
14:21 Guard Tower
14:21 Guard Tower
14:22 Guard Tower
14:24 Scout Tower
14:25 Scout Tower
14:26 Scout Tower
14:30 Guard Tower
14:31 Guard Tower
14:32 Guard Tower
14:32 Guard Tower
14:46 Guard Tower
14:47 Guard Tower
14:47 Guard Tower
14:52 Guard Tower
15:00 Guard Tower
15:00 Guard Tower
15:11 Guard Tower
15:13 Scout Tower
15:17 Guard Tower
15:40 Guard Tower
15:41 Guard Tower
15:43 Scout Tower
15:44 Scout Tower
15:45 Scout Tower
15:46 Scout Tower
15:48 Scout Tower
15:49 Scout Tower
15:49 Scout Tower
15:50 Scout Tower
15:51 Scout Tower
15:52 Scout Tower
15:52 Scout Tower
15:53 Scout Tower
16:08 Guard Tower
16:09 Guard Tower
16:13 Guard Tower
16:14 Guard Tower
16:14 Guard Tower
16:16 Scout Tower
16:16 Scout Tower
16:17 Scout Tower
16:21 Scout Tower
16:22 Scout Tower
16:23 Scout Tower
16:24 Scout Tower
16:24 Scout Tower
16:25 Scout Tower
16:27 Guard Tower
16:39 Scout Tower
16:40 Scout Tower
16:41 Scout Tower
16:42 Scout Tower
16:42 Scout Tower
16:43 Scout Tower
16:43 Scout Tower
16:44 Scout Tower
16:45 Scout Tower
16:46 Scout Tower
16:48 Scout Tower
16:49 Scout Tower
16:50 Scout Tower
16:51 Scout Tower
16:51 Scout Tower
16:52 Scout Tower
16:53 Guard Tower
16:54 Guard Tower
16:56 Guard Tower
16:56 Guard Tower
16:56 Guard Tower
16:59 Scout Tower
16:59 Scout Tower
17:00 Scout Tower
17:01 Scout Tower
17:01 Scout Tower
17:02 Scout Tower
17:03 Scout Tower
17:04 Scout Tower
17:08 Castle
17:08 Castle
17:24 Guard Tower
17:24 Guard Tower
17:27 Guard Tower
17:27 Guard Tower
18:05 Guard Tower
18:06 Guard Tower
18:07 Guard Tower
18:07 Guard Tower
18:10 Scout Tower
18:10 Scout Tower
18:12 Scout Tower
18:12 Scout Tower
18:13 Scout Tower
18:13 Scout Tower
18:14 Scout Tower
18:14 Scout Tower
18:15 Scout Tower
18:16 Scout Tower
18:16 Scout Tower
18:17 Scout Tower
18:27 Scout Tower
18:28 Scout Tower
18:28 Scout Tower
18:28 Scout Tower
18:30 Scout Tower
18:30 Scout Tower
18:36 Scout Tower
18:37 Scout Tower
18:38 Scout Tower
18:38 Scout Tower
18:40 Scout Tower
18:41 Scout Tower
18:43 Guard Tower
18:43 Guard Tower
18:49 Guard Tower
18:49 Guard Tower
18:50 Guard Tower
18:50 Guard Tower
18:55 Guard Tower
18:56 Guard Tower
18:58 Scout Tower
18:58 Scout Tower
19:00 Scout Tower
19:00 Scout Tower
19:01 Scout Tower
19:02 Scout Tower
19:02 Guard Tower
19:03 Guard Tower
19:03 Guard Tower
19:10 Guard Tower
19:17 Scout Tower
19:18 Scout Tower
19:18 Scout Tower
19:19 Scout Tower
19:20 Scout Tower
19:22 Lumber Mill
19:25 Guard Tower
19:27 Scout Tower
19:27 Scout Tower
19:28 Scout Tower
19:28 Scout Tower
19:29 Scout Tower
19:30 Scout Tower
19:30 Scout Tower
19:31 Scout Tower
19:32 Scout Tower
19:32 Scout Tower
19:33 Guard Tower
19:34 Guard Tower
19:35 Guard Tower
19:35 Guard Tower
19:37 Scout Tower
19:38 Scout Tower
19:39 Scout Tower
19:40 Scout Tower
19:41 Scout Tower
19:41 Scout Tower
19:43 Scout Tower
19:43 Scout Tower
19:53 Scout Tower
19:54 Scout Tower
19:54 Scout Tower
19:55 Scout Tower
19:56 Scout Tower
19:56 Scout Tower
19:57 Scout Tower
19:58 Scout Tower
20:01 Guard Tower
20:09 Scout Tower
20:10 Scout Tower
20:10 Scout Tower
20:11 Scout Tower
20:16 Guard Tower
20:21 Guard Tower
20:23 Scout Tower
20:23 Scout Tower
20:24 Scout Tower
20:25 Scout Tower
20:25 Scout Tower
20:26 Scout Tower
20:29 Guard Tower
20:31 Guard Tower
20:36 Scout Tower
20:37 Scout Tower
20:38 Scout Tower
20:39 Scout Tower
20:39 Scout Tower
20:40 Scout Tower
20:41 Scout Tower
20:41 Scout Tower
20:55 Guard Tower
20:55 Guard Tower
21:03 Guard Tower
21:09 Guard Tower
21:11 Guard Tower
21:51 Guard Tower
21:51 Guard Tower
22:06 Town Hall
22:17 Guard Tower
22:17 Guard Tower
22:19 Guard Tower
22:33 Guard Tower
22:34 Guard Tower
22:34 Guard Tower
22:47 Guard Tower
22:52 Guard Tower
22:54 Scout Tower
22:55 Scout Tower
22:55 Scout Tower
22:57 Scout Tower
22:57 Scout Tower
22:58 Scout Tower
23:00 Scout Tower
23:00 Scout Tower
23:01 Scout Tower
23:02 Scout Tower
23:03 Scout Tower
23:16 Scout Tower
23:17 Scout Tower
23:18 Scout Tower
23:24 Scout Tower
23:24 Scout Tower
23:25 Scout Tower
23:26 Scout Tower
23:27 Scout Tower
23:27 Scout Tower
23:31 Scout Tower
23:31 Scout Tower
23:32 Scout Tower
23:33 Scout Tower
23:33 Scout Tower
23:35 Scout Tower
23:36 Scout Tower
23:37 Scout Tower
23:37 Scout Tower
23:42 Guard Tower
23:43 Scout Tower
23:45 Scout Tower
23:46 Scout Tower
23:47 Scout Tower
23:51 Guard Tower
23:51 Guard Tower
24:20 Scout Tower
24:20 Scout Tower
24:21 Scout Tower
24:22 Scout Tower
24:22 Scout Tower
24:23 Scout Tower
24:23 Scout Tower
24:24 Scout Tower
24:25 Scout Tower
24:25 Scout Tower
24:26 Scout Tower
24:27 Scout Tower
24:29 Guard Tower
24:30 Scout Tower
24:31 Scout Tower
24:32 Scout Tower
24:33 Scout Tower
24:34 Scout Tower
24:35 Scout Tower
24:35 Scout Tower
24:36 Scout Tower
24:36 Scout Tower
24:47 Guard Tower
24:48 Scout Tower
24:50 Scout Tower
24:51 Scout Tower
24:55 Guard Tower
24:56 Scout Tower
24:57 Scout Tower
24:58 Scout Tower
24:58 Scout Tower
24:59 Scout Tower
24:59 Scout Tower
25:00 Scout Tower
25:01 Scout Tower
25:02 Scout Tower
25:20 Guard Tower
25:20 Guard Tower
25:20 Guard Tower
25:25 Guard Tower
25:25 Guard Tower
25:29 Scout Tower
25:29 Scout Tower
25:30 Scout Tower
25:31 Scout Tower
25:31 Scout Tower
25:32 Scout Tower
25:33 Scout Tower
25:34 Scout Tower
25:35 Scout Tower
25:36 Scout Tower
25:39 Scout Tower
25:40 Scout Tower
25:41 Scout Tower
25:42 Scout Tower
25:43 Scout Tower
25:43 Scout Tower
25:45 Scout Tower
25:46 Scout Tower
25:48 Guard Tower
25:48 Guard Tower
25:54 Scout Tower
25:55 Scout Tower
25:55 Scout Tower
25:56 Scout Tower
25:58 Guard Tower
26:12 Guard Tower
26:12 Guard Tower
26:28 Guard Tower
26:28 Guard Tower
26:29 Guard Tower
26:29 Guard Tower
26:45 Guard Tower
26:45 Guard Tower
26:45 Guard Tower
26:55 Guard Tower
26:55 Guard Tower
27:01 Scout Tower
27:02 Scout Tower
27:03 Scout Tower
27:03 Scout Tower
27:04 Scout Tower
27:04 Scout Tower
27:05 Scout Tower
27:06 Scout Tower
27:07 Scout Tower
27:08 Scout Tower
27:09 Scout Tower
27:09 Scout Tower
27:10 Scout Tower
27:10 Scout Tower
27:11 Scout Tower
27:12 Scout Tower
27:14 Scout Tower
27:15 Scout Tower
27:16 Scout Tower
27:17 Scout Tower
27:17 Scout Tower
27:18 Scout Tower
27:19 Scout Tower
27:23 Scout Tower
27:24 Scout Tower
27:26 Scout Tower
27:26 Scout Tower
27:27 Scout Tower
27:27 Scout Tower
27:29 Scout Tower
27:30 Scout Tower
27:32 Scout Tower
27:33 Scout Tower
27:34 Scout Tower
27:35 Scout Tower
27:36 Scout Tower
27:37 Scout Tower
27:38 Scout Tower
27:38 Scout Tower
27:39 Scout Tower
27:40 Scout Tower
27:41 Scout Tower
27:42 Scout Tower
27:44 Scout Tower
27:45 Scout Tower
27:45 Scout Tower
27:46 Scout Tower
27:47 Scout Tower
27:47 Scout Tower
27:48 Scout Tower
27:49 Guard Tower
27:49 Guard Tower
27:50 Scout Tower
27:51 Scout Tower
27:52 Scout Tower
27:52 Scout Tower
27:56 Guard Tower
27:56 Guard Tower
27:56 Guard Tower
27:58 Scout Tower
27:59 Scout Tower
27:59 Scout Tower
28:00 Scout Tower
28:00 Scout Tower
28:01 Scout Tower
28:03 Guard Tower
28:04 Scout Tower
28:04 Scout Tower
28:05 Scout Tower
28:06 Scout Tower
28:06 Scout Tower
28:06 Scout Tower
28:13 Scout Tower
28:14 Scout Tower
28:15 Scout Tower
28:15 Scout Tower
28:16 Scout Tower
28:16 Scout Tower
28:17 Scout Tower
28:18 Scout Tower
28:18 Scout Tower
28:19 Scout Tower
28:20 Scout Tower
28:21 Scout Tower
28:21 Scout Tower
28:22 Guard Tower
28:23 Guard Tower
28:29 Guard Tower
28:29 Guard Tower
28:32 Scout Tower
28:33 Scout Tower
28:34 Scout Tower
28:35 Scout Tower
28:36 Scout Tower
28:36 Scout Tower
28:38 Guard Tower
28:44 Scout Tower
28:44 Scout Tower
28:45 Scout Tower
28:45 Scout Tower
28:47 Scout Tower
28:47 Scout Tower
28:48 Scout Tower
28:48 Scout Tower
28:50 Scout Tower
28:50 Scout Tower
28:51 Scout Tower
28:51 Scout Tower
28:52 Scout Tower
28:53 Scout Tower
28:56 Scout Tower
28:58 Scout Tower
28:59 Scout Tower
29:01 Guard Tower
29:01 Guard Tower
29:02 Scout Tower
29:03 Scout Tower
29:04 Scout Tower
29:05 Scout Tower
29:06 Scout Tower
29:06 Scout Tower
29:07 Scout Tower
29:10 Guard Tower
29:14 Scout Tower
29:15 Scout Tower
29:16 Scout Tower
29:16 Scout Tower
29:17 Scout Tower
29:17 Scout Tower
29:18 Scout Tower
29:18 Scout Tower
29:19 Scout Tower
29:20 Scout Tower
29:21 Guard Tower
29:22 Guard Tower
29:22 Scout Tower
29:23 Scout Tower
29:24 Scout Tower
29:25 Scout Tower
29:26 Scout Tower
29:26 Scout Tower
29:27 Scout Tower
29:28 Scout Tower
29:29 Scout Tower
29:29 Scout Tower
29:31 Guard Tower
29:31 Guard Tower
29:32 Scout Tower
29:33 Scout Tower
29:35 Guard Tower
29:35 Guard Tower
29:36 Guard Tower
29:36 Guard Tower
29:50 Guard Tower
29:50 Guard Tower
29:50 Guard Tower
29:57 Guard Tower
29:57 Guard Tower
29:57 Guard Tower
29:59 Guard Tower
29:59 Guard Tower
30:02 Scout Tower
30:04 Scout Tower
30:04 Scout Tower
30:05 Scout Tower
30:06 Scout Tower
30:06 Scout Tower
30:07 Scout Tower
30:08 Scout Tower
30:08 Scout Tower
30:09 Scout Tower
30:10 Scout Tower
30:10 Scout Tower
30:11 Scout Tower
30:12 Scout Tower
30:12 Scout Tower
30:13 Scout Tower
30:15 Guard Tower
30:15 Guard Tower
30:17 Scout Tower
30:18 Scout Tower
30:19 Scout Tower
30:19 Scout Tower
30:20 Scout Tower
30:21 Scout Tower
30:21 Scout Tower
30:22 Scout Tower
30:23 Guard Tower
30:23 Guard Tower
30:28 Scout Tower
30:29 Scout Tower
30:30 Scout Tower
30:30 Scout Tower
30:31 Scout Tower
30:32 Scout Tower
30:33 Scout Tower
30:33 Scout Tower
30:34 Scout Tower
30:47 Guard Tower
30:47 Guard Tower
30:52 Guard Tower
30:52 Guard Tower
31:02 Guard Tower
31:02 Guard Tower
31:32 Town Hall
31:36 Guard Tower
31:38 Scout Tower
31:39 Scout Tower
31:40 Scout Tower
31:40 Scout Tower
31:41 Scout Tower
31:41 Scout Tower
31:42 Scout Tower
31:43 Scout Tower
31:43 Scout Tower
31:44 Scout Tower
31:45 Scout Tower
31:45 Scout Tower
31:46 Guard Tower
31:54 Guard Tower
31:55 Guard Tower
32:06 Scout Tower
32:07 Scout Tower
32:08 Scout Tower
32:08 Scout Tower
32:09 Scout Tower
32:09 Scout Tower
32:10 Scout Tower
32:10 Scout Tower
32:11 Scout Tower
32:12 Scout Tower
32:13 Scout Tower
32:13 Scout Tower
32:14 Scout Tower
32:16 Scout Tower
32:16 Scout Tower
32:17 Scout Tower
32:18 Scout Tower
32:18 Scout Tower
32:19 Scout Tower
32:19 Scout Tower
32:20 Scout Tower
32:20 Scout Tower
32:22 Guard Tower
32:23 Guard Tower
32:33 Guard Tower
32:37 Scout Tower
32:38 Scout Tower
32:39 Scout Tower
32:40 Scout Tower
32:49 Guard Tower
32:49 Guard Tower
32:52 Guard Tower
32:52 Guard Tower
32:52 Guard Tower
32:56 Scout Tower
32:57 Scout Tower
32:58 Scout Tower
32:58 Scout Tower
32:59 Scout Tower
33:00 Scout Tower
33:00 Scout Tower
33:02 Scout Tower
33:04 Scout Tower
33:05 Scout Tower
33:06 Scout Tower
33:07 Scout Tower
33:07 Scout Tower
33:08 Scout Tower
33:08 Scout Tower
33:10 Guard Tower
33:11 Scout Tower
33:12 Scout Tower
33:13 Scout Tower
33:13 Scout Tower
33:14 Scout Tower
33:16 Scout Tower
33:16 Scout Tower
33:17 Scout Tower
33:18 Scout Tower
33:20 Scout Tower
33:20 Scout Tower
33:21 Scout Tower
33:21 Scout Tower
33:22 Scout Tower
33:23 Scout Tower
33:25 Guard Tower
33:26 Scout Tower
33:27 Scout Tower
33:27 Scout Tower
33:28 Scout Tower
33:30 Scout Tower
33:30 Scout Tower
33:31 Scout Tower
33:31 Scout Tower
33:32 Scout Tower
33:33 Scout Tower
33:34 Scout Tower
33:35 Scout Tower
33:35 Scout Tower
33:36 Scout Tower
33:52 Scout Tower
33:53 Scout Tower
33:54 Scout Tower
33:54 Scout Tower
33:55 Scout Tower
33:55 Scout Tower
33:56 Scout Tower
33:57 Scout Tower
33:59 Guard Tower
33:59 Guard Tower
34:04 Guard Tower
34:06 Guard Tower
34:06 Guard Tower
34:09 Guard Tower
34:09 Guard Tower
34:14 Scout Tower
34:15 Scout Tower
34:16 Scout Tower
34:16 Scout Tower
34:18 Guard Tower
34:37 Guard Tower
34:37 Guard Tower
34:43 Guard Tower
34:43 Guard Tower
34:47 Scout Tower
34:47 Scout Tower
34:48 Scout Tower
34:49 Scout Tower
34:50 Scout Tower
34:51 Scout Tower
35:14 Scout Tower
35:15 Scout Tower
35:16 Scout Tower
35:16 Scout Tower
35:17 Scout Tower
35:17 Scout Tower
35:18 Scout Tower
35:18 Scout Tower
35:19 Scout Tower
35:21 Scout Tower
35:22 Scout Tower
35:22 Scout Tower
35:25 Scout Tower
35:26 Scout Tower
35:27 Scout Tower
35:28 Scout Tower
35:29 Scout Tower
35:29 Scout Tower
35:30 Scout Tower
35:30 Scout Tower
35:36 Guard Tower
35:36 Guard Tower
35:38 Scout Tower
35:38 Scout Tower
35:39 Scout Tower
35:41 Guard Tower
35:42 Scout Tower
35:43 Scout Tower
35:44 Scout Tower
35:45 Scout Tower
35:47 Scout Tower
35:47 Scout Tower
35:48 Scout Tower
35:51 Scout Tower
35:52 Scout Tower
35:52 Scout Tower
35:53 Scout Tower
35:54 Scout Tower
35:55 Scout Tower
35:56 Scout Tower
35:57 Scout Tower
35:57 Scout Tower
35:59 Guard Tower
36:00 Scout Tower
36:01 Scout Tower
36:03 Scout Tower
36:04 Scout Tower
36:05 Scout Tower
36:05 Scout Tower
36:06 Scout Tower
36:06 Scout Tower
36:07 Scout Tower
36:08 Scout Tower
36:10 Scout Tower
36:10 Scout Tower
36:11 Scout Tower
36:12 Scout Tower
36:13 Scout Tower
36:16 Guard Tower
36:22 Scout Tower
36:23 Scout Tower
36:23 Scout Tower
36:24 Scout Tower
36:24 Scout Tower
36:25 Scout Tower
36:27 Scout Tower
36:27 Scout Tower
36:28 Scout Tower
36:28 Scout Tower
36:29 Scout Tower
36:29 Scout Tower
36:30 Scout Tower
36:31 Scout Tower
36:31 Scout Tower
36:32 Scout Tower
36:33 Scout Tower
36:33 Scout Tower
36:34 Scout Tower
36:36 Guard Tower
36:36 Guard Tower
36:38 Guard Tower
36:38 Guard Tower
36:41 Scout Tower
36:41 Scout Tower
36:42 Scout Tower
36:42 Scout Tower
36:43 Scout Tower
36:44 Scout Tower
36:44 Scout Tower
36:45 Scout Tower
36:45 Scout Tower
36:46 Scout Tower
36:46 Scout Tower
36:47 Guard Tower
36:50 Scout Tower
36:51 Scout Tower
36:52 Scout Tower
36:52 Scout Tower
36:53 Scout Tower
36:53 Scout Tower
36:55 Scout Tower
36:55 Scout Tower
36:56 Scout Tower
36:56 Scout Tower
36:58 Guard Tower
37:00 Scout Tower
37:00 Scout Tower
37:01 Scout Tower
37:01 Scout Tower
37:08 Scout Tower
37:09 Scout Tower
37:10 Scout Tower
37:11 Scout Tower
37:12 Scout Tower
37:12 Scout Tower
37:12 Scout Tower
37:13 Scout Tower
37:14 Scout Tower
37:14 Scout Tower
37:15 Scout Tower
37:15 Scout Tower
37:16 Scout Tower
37:16 Scout Tower
37:17 Scout Tower
37:18 Scout Tower
37:20 Guard Tower
37:21 Scout Tower
37:22 Scout Tower
37:23 Scout Tower
37:24 Scout Tower
37:24 Scout Tower
37:25 Scout Tower
37:25 Scout Tower
37:26 Scout Tower
37:27 Scout Tower
37:27 Scout Tower
37:28 Scout Tower
37:32 Scout Tower
37:33 Scout Tower
37:33 Scout Tower
37:34 Scout Tower
37:35 Scout Tower
37:35 Scout Tower
37:35 Scout Tower
37:37 Guard Tower
37:38 Scout Tower
37:39 Scout Tower
37:39 Scout Tower
37:40 Scout Tower
37:41 Scout Tower
37:41 Scout Tower
37:42 Scout Tower
37:43 Scout Tower
37:44 Guard Tower
37:45 Guard Tower
37:47 Guard Tower
37:48 Guard Tower
37:50 Scout Tower
37:51 Scout Tower
37:52 Scout Tower
37:52 Scout Tower
37:53 Scout Tower
37:54 Scout Tower
37:55 Scout Tower
37:56 Scout Tower
37:56 Scout Tower
37:57 Scout Tower
37:57 Scout Tower
37:58 Scout Tower
37:58 Scout Tower
38:01 Guard Tower
38:01 Guard Tower
38:02 Guard Tower
38:03 Guard Tower
38:03 Guard Tower
38:08 Scout Tower
38:08 Scout Tower
38:09 Scout Tower
38:09 Scout Tower
38:10 Scout Tower
38:10 Scout Tower
38:18 Guard Tower
38:18 Guard Tower
38:18 Guard Tower
38:22 Scout Tower
38:23 Scout Tower
38:23 Scout Tower
38:24 Scout Tower
38:25 Scout Tower
38:26 Scout Tower
38:26 Scout Tower
38:27 Scout Tower
38:28 Scout Tower
38:28 Scout Tower
38:30 Guard Tower
38:30 Guard Tower
38:32 Guard Tower
38:34 Scout Tower
38:34 Scout Tower
38:36 Scout Tower
38:37 Scout Tower
38:37 Scout Tower
38:38 Scout Tower
38:39 Scout Tower
38:40 Scout Tower
38:41 Scout Tower
38:42 Scout Tower
38:44 Guard Tower
38:44 Guard Tower
38:48 Guard Tower
38:48 Guard Tower
38:51 Guard Tower
38:51 Guard Tower
38:54 Guard Tower
38:54 Guard Tower
38:56 Guard Tower
39:03 Guard Tower
39:05 Guard Tower
39:05 Guard Tower
39:05 Guard Tower
39:06 Scout Tower
39:07 Scout Tower
39:08 Scout Tower
39:08 Scout Tower
39:09 Scout Tower
39:10 Scout Tower
39:11 Scout Tower
39:11 Scout Tower
39:12 Scout Tower
39:13 Scout Tower
39:13 Scout Tower
39:14 Scout Tower
39:15 Scout Tower
39:15 Scout Tower
39:16 Scout Tower
39:16 Scout Tower
39:17 Scout Tower
39:17 Scout Tower
39:19 Guard Tower
39:19 Guard Tower
39:20 Guard Tower
39:21 Scout Tower
39:22 Scout Tower
39:22 Scout Tower
39:23 Scout Tower
39:24 Scout Tower
39:24 Scout Tower
39:25 Scout Tower
39:26 Scout Tower
39:26 Scout Tower
39:27 Scout Tower
39:27 Scout Tower
39:28 Scout Tower
39:29 Scout Tower
39:30 Scout Tower
39:30 Scout Tower
39:31 Scout Tower
39:32 Scout Tower
39:35 Guard Tower
39:36 Guard Tower
39:38 Scout Tower
39:39 Scout Tower
39:39 Scout Tower
39:40 Scout Tower
39:40 Scout Tower
39:41 Scout Tower
39:42 Scout Tower
39:42 Scout Tower
39:43 Scout Tower
39:43 Scout Tower
39:44 Scout Tower
39:45 Scout Tower
39:46 Scout Tower
39:47 Scout Tower
39:47 Scout Tower
39:48 Scout Tower
39:49 Scout Tower
39:51 Scout Tower
39:51 Scout Tower
39:53 Guard Tower
39:53 Guard Tower
39:54 Guard Tower
39:54 Guard Tower
39:55 Scout Tower
39:56 Scout Tower
39:58 Scout Tower
39:58 Scout Tower
39:59 Scout Tower
40:00 Scout Tower
40:01 Scout Tower
40:01 Scout Tower
40:02 Scout Tower
40:02 Scout Tower
40:04 Scout Tower
40:05 Scout Tower
40:06 Scout Tower
40:06 Scout Tower
40:07 Scout Tower
40:08 Scout Tower
40:08 Scout Tower
40:09 Scout Tower
40:10 Scout Tower
40:10 Scout Tower
40:11 Scout Tower
40:11 Scout Tower
40:12 Scout Tower
40:14 Scout Tower
40:14 Scout Tower
40:15 Scout Tower
40:16 Scout Tower
40:18 Guard Tower
40:19 Guard Tower
40:20 Scout Tower
40:21 Scout Tower
40:22 Scout Tower
40:22 Scout Tower
40:23 Scout Tower
40:24 Scout Tower
40:26 Guard Tower
40:26 Guard Tower
40:27 Guard Tower
40:27 Guard Tower
40:27 Guard Tower
40:30 Scout Tower
40:31 Scout Tower
40:31 Scout Tower
40:32 Scout Tower
40:32 Scout Tower
40:34 Scout Tower
40:34 Scout Tower
40:35 Scout Tower
40:35 Scout Tower
40:36 Scout Tower
40:36 Scout Tower
40:37 Scout Tower
40:37 Scout Tower
40:38 Scout Tower
40:39 Scout Tower
40:39 Scout Tower
40:40 Scout Tower
40:41 Scout Tower
40:42 Scout Tower
40:43 Scout Tower
40:43 Scout Tower
40:44 Scout Tower
40:44 Scout Tower
40:45 Scout Tower
40:45 Scout Tower
40:46 Scout Tower
40:47 Scout Tower
40:48 Scout Tower
40:48 Scout Tower
40:50 Guard Tower
40:56 Scout Tower
40:57 Scout Tower
40:58 Scout Tower
40:58 Scout Tower
40:59 Scout Tower
40:59 Scout Tower
41:00 Scout Tower
41:00 Scout Tower
41:01 Scout Tower
41:02 Scout Tower
41:03 Scout Tower
41:03 Scout Tower
41:03 Scout Tower
41:04 Scout Tower
41:06 Guard Tower
41:09 Guard Tower
41:09 Guard Tower
41:10 Guard Tower
41:10 Guard Tower
41:12 Scout Tower
41:12 Scout Tower
41:13 Scout Tower
41:13 Scout Tower
41:14 Scout Tower
41:14 Scout Tower
41:15 Scout Tower
41:16 Scout Tower
41:17 Scout Tower
41:18 Scout Tower
41:18 Scout Tower
41:19 Scout Tower
41:20 Scout Tower
41:20 Scout Tower
41:22 Guard Tower
41:24 Scout Tower
41:25 Scout Tower
41:26 Scout Tower
41:27 Scout Tower
41:27 Scout Tower
41:29 Scout Tower
41:30 Scout Tower
41:31 Scout Tower
41:31 Scout Tower
41:32 Scout Tower
41:32 Scout Tower
41:33 Scout Tower
41:34 Scout Tower
41:34 Scout Tower
41:35 Scout Tower
41:35 Scout Tower
41:36 Scout Tower
41:37 Scout Tower
41:37 Scout Tower
41:39 Guard Tower
41:40 Guard Tower
41:50 Guard Tower
41:50 Guard Tower
41:50 Guard Tower
41:52 Guard Tower
41:53 Guard Tower
41:55 Guard Tower
42:01 Guard Tower
42:01 Guard Tower
42:03 Guard Tower
42:03 Guard Tower
42:06 Guard Tower
42:11 Guard Tower
42:12 Guard Tower
42:14 Guard Tower
42:14 Guard Tower
42:15 Guard Tower
42:23 Guard Tower
42:23 Guard Tower
42:25 Scout Tower
42:26 Scout Tower
42:27 Scout Tower
42:27 Scout Tower
42:28 Scout Tower
42:28 Scout Tower
42:29 Scout Tower
42:30 Scout Tower
42:30 Scout Tower
42:31 Scout Tower
42:32 Scout Tower
42:32 Scout Tower
42:33 Scout Tower
42:33 Scout Tower
42:34 Scout Tower
42:35 Scout Tower
42:35 Scout Tower
42:37 Scout Tower
42:37 Scout Tower
42:38 Scout Tower
42:38 Scout Tower
42:39 Scout Tower
42:39 Scout Tower
42:41 Guard Tower
42:41 Guard Tower
42:43 Guard Tower
42:44 Scout Tower
42:45 Scout Tower
42:46 Scout Tower
42:46 Scout Tower
42:47 Scout Tower
42:48 Scout Tower
42:48 Scout Tower
42:49 Scout Tower
42:49 Scout Tower
42:50 Scout Tower
42:51 Scout Tower
42:51 Scout Tower
42:52 Scout Tower
42:53 Scout Tower
42:54 Scout Tower
42:54 Scout Tower
42:55 Scout Tower
42:58 Scout Tower
42:59 Scout Tower
42:59 Scout Tower
43:03 Guard Tower
43:04 Scout Tower
43:04 Scout Tower
43:05 Scout Tower
43:05 Scout Tower
43:06 Scout Tower
43:07 Scout Tower
43:08 Scout Tower
43:09 Scout Tower
43:10 Scout Tower
43:11 Guard Tower
43:14 Scout Tower
43:15 Scout Tower
43:16 Scout Tower
43:16 Scout Tower
43:18 Scout Tower
43:18 Scout Tower
43:20 Scout Tower
43:20 Scout Tower
43:22 Scout Tower
43:22 Scout Tower
43:23 Scout Tower
43:23 Scout Tower
43:24 Scout Tower
43:25 Scout Tower
43:26 Scout Tower
43:27 Scout Tower
43:27 Scout Tower
43:28 Scout Tower
43:29 Scout Tower
43:29 Scout Tower
43:30 Scout Tower
43:30 Scout Tower
43:31 Scout Tower
43:31 Scout Tower
43:32 Scout Tower
43:33 Scout Tower
43:33 Scout Tower
43:34 Scout Tower
43:35 Scout Tower
43:35 Scout Tower
43:36 Scout Tower
43:37 Guard Tower
43:38 Guard Tower
43:39 Scout Tower
43:39 Scout Tower
43:40 Scout Tower
43:41 Scout Tower
43:42 Scout Tower
43:43 Scout Tower
43:44 Scout Tower
43:44 Scout Tower
43:45 Scout Tower
43:46 Scout Tower
43:46 Scout Tower
43:47 Scout Tower
43:47 Scout Tower
43:49 Scout Tower
43:49 Scout Tower
43:50 Scout Tower
43:51 Scout Tower
43:52 Scout Tower
43:53 Scout Tower
43:54 Scout Tower
43:55 Scout Tower
43:55 Scout Tower
43:56 Scout Tower
43:57 Scout Tower
43:57 Scout Tower
43:58 Scout Tower
44:01 Guard Tower
44:01 Guard Tower
44:03 Guard Tower
44:03 Guard Tower
44:08 Scout Tower
44:09 Scout Tower
44:10 Scout Tower
44:10 Scout Tower
44:11 Scout Tower
44:12 Scout Tower
44:12 Scout Tower
44:14 Guard Tower
44:15 Guard Tower
44:18 Guard Tower
44:18 Guard Tower
44:20 Scout Tower
44:20 Scout Tower
44:21 Scout Tower
44:22 Scout Tower
44:22 Scout Tower
44:24 Scout Tower
44:24 Scout Tower
44:25 Scout Tower
44:26 Scout Tower
44:27 Scout Tower
44:28 Scout Tower
44:29 Scout Tower
44:29 Scout Tower
44:30 Scout Tower
44:31 Scout Tower
44:32 Scout Tower
44:34 Guard Tower
44:36 Guard Tower
44:39 Scout Tower
44:40 Scout Tower
44:40 Scout Tower
44:41 Scout Tower
44:42 Scout Tower
44:43 Scout Tower
44:43 Scout Tower
44:44 Scout Tower
44:45 Scout Tower
44:45 Scout Tower
44:47 Guard Tower
44:48 Guard Tower
44:49 Guard Tower
44:53 Scout Tower
44:54 Scout Tower
44:54 Scout Tower
44:55 Scout Tower
44:56 Scout Tower
44:56 Scout Tower
44:58 Scout Tower
45:00 Scout Tower
45:00 Scout Tower
45:05 Guard Tower
45:05 Guard Tower
45:07 Guard Tower
45:08 Guard Tower
45:10 Guard Tower
45:11 Guard Tower
45:22 Guard Tower
45:29 Guard Tower
45:29 Guard Tower
45:30 Scout Tower
45:31 Scout Tower
45:32 Scout Tower
45:33 Scout Tower
45:33 Scout Tower
45:36 Scout Tower
45:37 Scout Tower
45:38 Scout Tower
45:38 Scout Tower
45:39 Scout Tower
45:40 Scout Tower
45:41 Scout Tower
45:43 Scout Tower
45:44 Scout Tower
45:44 Scout Tower
45:45 Scout Tower
45:45 Scout Tower
45:47 Scout Tower
45:47 Scout Tower
45:48 Scout Tower
45:48 Scout Tower
45:49 Scout Tower
45:49 Scout Tower
45:50 Scout Tower
45:51 Scout Tower
45:51 Scout Tower
45:52 Scout Tower
45:52 Scout Tower
45:53 Scout Tower
45:54 Scout Tower
45:55 Scout Tower
45:55 Scout Tower
45:56 Scout Tower
45:58 Guard Tower
45:58 Guard Tower
45:58 Guard Tower
46:01 Scout Tower
46:01 Scout Tower
46:02 Scout Tower
46:06 Scout Tower
46:07 Scout Tower
46:08 Scout Tower
46:09 Scout Tower
46:09 Scout Tower
46:10 Scout Tower
46:11 Scout Tower
46:12 Scout Tower
46:12 Scout Tower
46:13 Scout Tower
46:14 Scout Tower
46:14 Scout Tower
46:15 Guard Tower
46:15 Guard Tower
46:17 Guard Tower
46:17 Guard Tower
46:20 Scout Tower
46:22 Scout Tower
46:22 Scout Tower
46:23 Scout Tower
46:24 Scout Tower
46:24 Scout Tower
46:25 Scout Tower
46:26 Scout Tower
46:26 Scout Tower
46:27 Scout Tower
46:27 Scout Tower
46:28 Scout Tower
46:29 Scout Tower
46:30 Scout Tower
46:30 Scout Tower
46:31 Scout Tower
46:32 Scout Tower
46:32 Scout Tower
46:33 Scout Tower
46:34 Scout Tower
46:37 Scout Tower
46:38 Scout Tower
46:38 Scout Tower
46:39 Scout Tower
46:40 Scout Tower
46:43 Scout Tower
46:43 Scout Tower
46:44 Scout Tower
46:44 Scout Tower
46:45 Scout Tower
46:46 Guard Tower
46:46 Guard Tower
46:48 Guard Tower
46:50 Scout Tower
46:51 Scout Tower
46:52 Scout Tower
46:52 Scout Tower
46:53 Scout Tower
46:54 Scout Tower
46:55 Scout Tower
46:56 Scout Tower
46:56 Scout Tower
46:57 Scout Tower
46:58 Scout Tower
46:58 Scout Tower
47:01 Guard Tower
47:03 Guard Tower
47:05 Scout Tower
47:05 Scout Tower
47:06 Scout Tower
47:07 Scout Tower
47:07 Scout Tower
47:08 Scout Tower
47:09 Scout Tower
47:09 Scout Tower
47:10 Scout Tower
47:10 Scout Tower
47:11 Scout Tower
47:11 Scout Tower
47:12 Scout Tower
47:12 Scout Tower
47:13 Scout Tower
47:13 Scout Tower
47:14 Scout Tower
47:15 Scout Tower
47:15 Scout Tower
47:16 Scout Tower
47:17 Scout Tower
47:17 Scout Tower
47:18 Scout Tower
47:20 Guard Tower
47:22 Scout Tower
47:22 Scout Tower
47:23 Scout Tower
47:23 Scout Tower
47:24 Scout Tower
47:25 Scout Tower
47:25 Scout Tower
47:26 Scout Tower
47:27 Guard Tower
47:27 Guard Tower
47:29 Guard Tower
47:29 Guard Tower
47:34 Scout Tower
47:34 Scout Tower
47:35 Scout Tower
47:35 Scout Tower
47:37 Scout Tower
47:37 Scout Tower
47:37 Scout Tower
47:38 Scout Tower
47:39 Scout Tower
47:39 Scout Tower
47:40 Scout Tower
47:41 Scout Tower
47:41 Scout Tower
47:42 Scout Tower
47:43 Scout Tower
47:44 Scout Tower
47:45 Scout Tower
47:45 Scout Tower
47:46 Scout Tower
47:47 Scout Tower
47:47 Scout Tower
47:48 Scout Tower
47:52 Guard Tower
47:57 Scout Tower
47:57 Scout Tower
47:58 Scout Tower
47:59 Scout Tower
48:00 Scout Tower
48:00 Scout Tower
48:00 Scout Tower
48:01 Scout Tower
48:02 Scout Tower
48:03 Scout Tower
48:03 Scout Tower
48:04 Scout Tower
48:06 Guard Tower
48:06 Guard Tower
48:13 Scout Tower
48:13 Scout Tower
48:14 Scout Tower
48:15 Scout Tower
48:15 Scout Tower
48:16 Scout Tower
48:17 Scout Tower
48:18 Scout Tower
48:18 Scout Tower
48:19 Scout Tower
48:20 Scout Tower
48:21 Scout Tower
48:21 Scout Tower
48:22 Scout Tower
48:24 Guard Tower
48:24 Guard Tower
48:25 Scout Tower
48:26 Scout Tower
48:26 Scout Tower
48:27 Scout Tower
48:28 Scout Tower
48:29 Scout Tower
48:30 Scout Tower
48:36 Guard Tower
48:36 Guard Tower
48:36 Guard Tower
48:39 Guard Tower
48:41 Guard Tower
48:41 Guard Tower
48:45 Guard Tower
48:54 Guard Tower
48:54 Guard Tower
48:55 Guard Tower
48:57 Guard Tower
48:58 Guard Tower
48:59 Scout Tower
49:00 Scout Tower
49:01 Scout Tower
49:01 Scout Tower
49:02 Scout Tower
49:03 Scout Tower
49:04 Scout Tower
49:05 Scout Tower
49:06 Scout Tower
49:07 Scout Tower
49:08 Scout Tower
49:08 Scout Tower
49:09 Scout Tower
49:10 Scout Tower
49:10 Scout Tower
49:11 Scout Tower
49:13 Guard Tower
49:15 Scout Tower
49:16 Scout Tower
49:17 Scout Tower
49:18 Scout Tower
49:18 Scout Tower
49:19 Scout Tower
49:20 Scout Tower
49:20 Scout Tower
49:21 Scout Tower
49:22 Scout Tower
49:24 Guard Tower
49:24 Guard Tower
49:25 Guard Tower
49:25 Guard Tower
49:27 Guard Tower
49:27 Guard Tower
49:29 Scout Tower
49:30 Scout Tower
49:31 Scout Tower
49:32 Scout Tower
49:32 Scout Tower
49:33 Scout Tower
49:34 Guard Tower
49:35 Guard Tower
49:38 Guard Tower
49:41 Scout Tower
49:43 Scout Tower
49:44 Scout Tower
49:45 Scout Tower
49:46 Scout Tower
49:47 Scout Tower
49:48 Scout Tower
49:48 Scout Tower
49:49 Scout Tower
49:50 Scout Tower
49:51 Scout Tower
49:51 Scout Tower
49:52 Scout Tower
49:53 Scout Tower
49:53 Scout Tower
50:08 Guard Tower
50:08 Guard Tower
50:09 Scout Tower
50:10 Scout Tower
50:11 Scout Tower
50:11 Scout Tower
50:12 Scout Tower
50:12 Scout Tower
50:13 Scout Tower
50:14 Scout Tower
50:15 Scout Tower
50:17 Guard Tower
50:24 Scout Tower
50:25 Scout Tower
50:25 Scout Tower
50:26 Scout Tower
50:29 Scout Tower
50:30 Scout Tower
50:32 Scout Tower
50:32 Scout Tower
50:33 Scout Tower
50:33 Scout Tower
50:34 Scout Tower
50:35 Scout Tower
50:36 Scout Tower
50:39 Guard Tower
50:39 Guard Tower
50:39 Guard Tower
50:42 Guard Tower
50:42 Guard Tower
50:45 Scout Tower
50:46 Scout Tower
50:47 Scout Tower
50:47 Scout Tower
50:48 Scout Tower
50:50 Scout Tower
50:52 Scout Tower
50:52 Scout Tower
50:53 Scout Tower
50:53 Scout Tower
50:54 Scout Tower
50:55 Scout Tower
50:56 Scout Tower
50:56 Scout Tower
51:00 Scout Tower
51:01 Scout Tower
51:01 Scout Tower
51:02 Scout Tower
51:04 Guard Tower
51:05 Guard Tower
51:07 Scout Tower
51:08 Scout Tower
51:09 Scout Tower
51:09 Scout Tower
51:10 Scout Tower
51:11 Scout Tower
51:12 Scout Tower
51:13 Scout Tower
51:13 Scout Tower
51:14 Scout Tower
51:15 Scout Tower
51:16 Scout Tower
51:17 Scout Tower
51:18 Scout Tower
51:18 Scout Tower
51:19 Scout Tower
51:19 Scout Tower
51:20 Scout Tower
51:21 Scout Tower
51:22 Scout Tower
51:22 Scout Tower
51:23 Scout Tower
51:25 Guard Tower
51:25 Guard Tower
51:29 Scout Tower
51:30 Scout Tower
51:30 Scout Tower
51:31 Scout Tower
51:32 Scout Tower
51:33 Scout Tower
51:34 Scout Tower
51:35 Scout Tower
51:37 Guard Tower
51:37 Guard Tower
51:39 Scout Tower
51:40 Scout Tower
51:41 Scout Tower
51:42 Scout Tower
51:42 Scout Tower
51:43 Scout Tower
51:43 Scout Tower
51:44 Scout Tower
51:44 Scout Tower
51:45 Scout Tower
51:46 Scout Tower
51:47 Scout Tower
51:47 Scout Tower
51:49 Guard Tower
51:53 Scout Tower
51:53 Scout Tower
51:54 Scout Tower
51:55 Scout Tower
51:55 Scout Tower
51:56 Scout Tower
51:57 Scout Tower
51:58 Scout Tower
51:59 Scout Tower
51:59 Scout Tower
52:00 Scout Tower
52:01 Scout Tower
52:01 Scout Tower
52:02 Scout Tower
52:03 Scout Tower
52:03 Scout Tower
52:04 Scout Tower
52:05 Scout Tower
52:06 Scout Tower
52:06 Scout Tower
52:07 Scout Tower
52:08 Scout Tower
52:09 Scout Tower
52:10 Scout Tower
52:11 Scout Tower
52:17 Guard Tower
52:18 Guard Tower
52:18 Guard Tower
52:26 Guard Tower
52:26 Guard Tower
52:27 Guard Tower
52:28 Guard Tower
52:28 Guard Tower
52:39 Guard Tower
52:39 Guard Tower
52:40 Scout Tower
52:41 Scout Tower
52:42 Scout Tower
52:42 Scout Tower
52:43 Scout Tower
52:43 Scout Tower
52:44 Scout Tower
52:44 Scout Tower
52:45 Scout Tower
52:46 Scout Tower
52:47 Scout Tower
52:47 Scout Tower
52:49 Guard Tower
52:53 Scout Tower
52:54 Scout Tower
52:55 Scout Tower
52:55 Scout Tower
52:56 Scout Tower
52:57 Scout Tower
52:58 Scout Tower
52:58 Scout Tower
53:10 Guard Tower
53:15 Scout Tower
53:16 Scout Tower
53:16 Scout Tower
53:17 Scout Tower
53:18 Scout Tower
53:18 Scout Tower
53:19 Scout Tower
53:21 Guard Tower
53:21 Guard Tower
53:23 Scout Tower
53:24 Scout Tower
53:25 Scout Tower
53:26 Scout Tower
53:27 Scout Tower
53:28 Scout Tower
53:28 Scout Tower
53:29 Scout Tower
53:31 Scout Tower
53:31 Scout Tower
53:32 Scout Tower
53:33 Scout Tower
53:34 Scout Tower
53:36 Guard Tower
53:39 Scout Tower
53:40 Scout Tower
53:41 Scout Tower
53:42 Scout Tower
53:43 Scout Tower
53:44 Scout Tower
53:44 Scout Tower
53:45 Scout Tower
53:46 Scout Tower
53:47 Scout Tower
53:47 Scout Tower
53:48 Scout Tower
53:49 Scout Tower
53:53 Guard Tower
53:54 Guard Tower
53:56 Scout Tower
53:57 Scout Tower
53:58 Scout Tower
53:58 Scout Tower
53:59 Scout Tower
54:00 Scout Tower
54:03 Guard Tower
54:11 Guard Tower
54:12 Guard Tower
54:13 Guard Tower
54:13 Guard Tower
54:20 Scout Tower
54:20 Scout Tower
54:21 Scout Tower
54:22 Scout Tower
54:23 Scout Tower
54:23 Scout Tower
54:24 Scout Tower
54:25 Scout Tower
54:26 Scout Tower
54:26 Scout Tower
54:27 Scout Tower
54:28 Scout Tower
54:30 Scout Tower
54:30 Scout Tower
54:31 Scout Tower
54:32 Scout Tower
54:33 Scout Tower
54:34 Scout Tower
54:35 Scout Tower
54:35 Scout Tower
54:36 Scout Tower
54:37 Scout Tower
54:39 Scout Tower
54:41 Scout Tower
54:41 Scout Tower
54:42 Scout Tower
54:42 Scout Tower
54:43 Scout Tower
54:44 Scout Tower
54:45 Scout Tower
54:45 Scout Tower
54:46 Scout Tower
54:47 Scout Tower
54:47 Scout Tower
54:49 Scout Tower
54:49 Scout Tower
54:50 Scout Tower
54:50 Scout Tower
54:55 Guard Tower
54:56 Guard Tower
55:16 Guard Tower
55:16 Guard Tower
55:18 Guard Tower
55:19 Guard Tower
55:26 Scout Tower
55:27 Scout Tower
55:27 Scout Tower
55:28 Scout Tower
55:29 Scout Tower
55:29 Scout Tower
55:30 Scout Tower
55:31 Scout Tower
55:32 Scout Tower
55:32 Scout Tower
55:33 Scout Tower
55:34 Scout Tower
55:35 Scout Tower
55:35 Scout Tower
55:40 Guard Tower
55:40 Guard Tower
55:43 Guard Tower
55:44 Guard Tower
55:45 Guard Tower
55:54 Scout Tower
55:55 Scout Tower
55:55 Scout Tower
55:56 Scout Tower
55:58 Scout Tower
55:59 Scout Tower
56:00 Scout Tower
56:01 Scout Tower
56:01 Scout Tower
56:02 Scout Tower
56:03 Scout Tower
56:04 Scout Tower
56:05 Scout Tower
56:06 Scout Tower
56:07 Scout Tower
56:08 Scout Tower
56:10 Scout Tower
56:10 Scout Tower
56:12 Scout Tower
56:12 Scout Tower
56:13 Scout Tower
56:14 Scout Tower
56:16 Scout Tower
56:17 Scout Tower
56:18 Scout Tower
56:19 Scout Tower
56:20 Scout Tower
56:21 Scout Tower
56:21 Scout Tower
56:22 Scout Tower
56:23 Guard Tower
56:24 Guard Tower
56:24 Guard Tower
56:27 Scout Tower
56:28 Scout Tower
56:28 Scout Tower
56:29 Scout Tower
56:29 Scout Tower
56:31 Guard Tower
56:31 Guard Tower
56:33 Scout Tower
56:34 Scout Tower
56:35 Scout Tower
56:35 Scout Tower
56:37 Scout Tower
56:37 Scout Tower
56:39 Scout Tower
56:39 Scout Tower
56:40 Scout Tower
56:40 Scout Tower
56:41 Scout Tower
56:41 Scout Tower
56:42 Scout Tower
56:42 Scout Tower
56:43 Scout Tower
56:44 Scout Tower
56:44 Scout Tower
56:45 Scout Tower
56:45 Scout Tower
56:46 Scout Tower
56:47 Scout Tower
56:47 Scout Tower
56:48 Scout Tower
56:49 Scout Tower
56:51 Guard Tower
56:51 Guard Tower
56:54 Guard Tower
56:56 Scout Tower
56:56 Scout Tower
56:57 Scout Tower
56:57 Scout Tower
56:58 Scout Tower
56:59 Scout Tower
57:00 Scout Tower
57:01 Scout Tower
57:01 Scout Tower
57:02 Scout Tower
57:03 Scout Tower
57:04 Scout Tower
57:05 Scout Tower
57:06 Scout Tower
57:06 Scout Tower
57:07 Scout Tower
57:08 Scout Tower
57:09 Scout Tower
57:11 Scout Tower
57:13 Scout Tower
57:14 Scout Tower
57:14 Scout Tower
57:15 Scout Tower
57:15 Scout Tower
57:18 Guard Tower
57:25 Guard Tower
57:25 Guard Tower
57:25 Guard Tower
57:32 Scout Tower
57:33 Scout Tower
57:34 Scout Tower
57:34 Scout Tower
57:35 Scout Tower
57:36 Scout Tower
57:37 Scout Tower
57:37 Scout Tower
57:38 Scout Tower
57:39 Scout Tower
57:39 Scout Tower
57:40 Scout Tower
57:41 Scout Tower
57:41 Scout Tower
57:42 Scout Tower
57:43 Scout Tower
57:49 Scout Tower
57:49 Scout Tower
57:50 Scout Tower
57:51 Scout Tower
57:52 Scout Tower
57:52 Scout Tower
57:53 Scout Tower
57:54 Scout Tower
57:54 Scout Tower
57:55 Scout Tower
57:57 Scout Tower
57:58 Scout Tower
57:59 Scout Tower
58:00 Scout Tower
58:00 Scout Tower
58:01 Scout Tower
58:01 Scout Tower
58:02 Scout Tower
58:04 Guard Tower
58:04 Guard Tower
58:05 Guard Tower
58:06 Guard Tower
58:08 Scout Tower
58:09 Scout Tower
58:09 Scout Tower
58:10 Scout Tower
58:11 Scout Tower
58:11 Scout Tower
58:13 Scout Tower
58:14 Scout Tower
58:14 Scout Tower
58:15 Scout Tower
58:16 Scout Tower
58:17 Scout Tower
58:17 Scout Tower
58:19 Scout Tower
58:19 Scout Tower
58:21 Scout Tower
58:22 Scout Tower
58:23 Scout Tower
58:25 Scout Tower
58:26 Scout Tower
58:26 Scout Tower
58:27 Scout Tower
58:29 Scout Tower
58:30 Scout Tower
58:30 Scout Tower
58:31 Scout Tower
58:32 Scout Tower
58:33 Scout Tower
58:34 Scout Tower
58:36 Scout Tower
58:37 Scout Tower
58:37 Scout Tower
58:38 Scout Tower
58:39 Scout Tower
58:39 Scout Tower
58:40 Scout Tower
58:40 Scout Tower
58:48 Guard Tower
58:49 Scout Tower
58:50 Scout Tower
58:51 Scout Tower
58:52 Scout Tower
58:53 Scout Tower
58:54 Scout Tower
58:54 Scout Tower
58:55 Scout Tower
58:55 Scout Tower
58:57 Scout Tower
58:57 Scout Tower
58:58 Scout Tower
58:59 Scout Tower
59:00 Scout Tower
59:01 Scout Tower
59:01 Scout Tower
59:02 Scout Tower
59:04 Scout Tower
59:05 Scout Tower
59:05 Scout Tower
59:06 Scout Tower
59:06 Scout Tower
59:07 Scout Tower
59:07 Scout Tower
59:08 Scout Tower
59:09 Scout Tower
59:16 Scout Tower
59:17 Scout Tower
59:17 Scout Tower
59:18 Scout Tower
59:19 Scout Tower
59:19 Scout Tower
59:20 Scout Tower
59:21 Scout Tower
59:21 Scout Tower
59:22 Scout Tower
59:23 Scout Tower
59:23 Scout Tower
59:24 Scout Tower
59:25 Scout Tower
59:26 Scout Tower
59:27 Scout Tower
59:28 Scout Tower
59:29 Scout Tower
59:30 Scout Tower
59:31 Scout Tower
59:35 Guard Tower
59:35 Guard Tower
59:38 Guard Tower
59:38 Guard Tower
59:46 Scout Tower
59:47 Scout Tower
59:48 Scout Tower
59:49 Scout Tower
59:51 Scout Tower
59:52 Scout Tower
59:53 Scout Tower
59:54 Scout Tower
59:56 Scout Tower
59:56 Scout Tower
59:57 Scout Tower
59:58 Scout Tower
59:59 Scout Tower
59:59 Scout Tower
60:00 Scout Tower
60:01 Scout Tower
60:02 Scout Tower
60:03 Scout Tower
60:04 Scout Tower
60:05 Scout Tower
60:06 Scout Tower
60:08 Scout Tower
60:09 Scout Tower
60:10 Scout Tower
60:12 Scout Tower
60:13 Scout Tower
60:14 Scout Tower
60:17 Scout Tower
60:17 Scout Tower
60:19 Scout Tower
60:20 Scout Tower
60:21 Scout Tower
60:23 Scout Tower
60:23 Scout Tower
60:25 Scout Tower
60:31 Guard Tower
60:31 Guard Tower
60:34 Scout Tower
60:35 Scout Tower
60:36 Scout Tower
60:37 Scout Tower
60:37 Scout Tower
60:39 Scout Tower
60:40 Scout Tower
60:41 Scout Tower
60:41 Scout Tower
60:42 Scout Tower
60:42 Scout Tower
60:43 Scout Tower
60:45 Scout Tower
60:45 Scout Tower
60:46 Scout Tower
60:46 Scout Tower
60:47 Scout Tower
60:48 Scout Tower
60:49 Scout Tower
60:49 Scout Tower
60:50 Scout Tower
60:51 Scout Tower
60:51 Scout Tower
60:52 Scout Tower
60:52 Scout Tower
60:53 Scout Tower
60:53 Scout Tower
60:55 Guard Tower
60:55 Guard Tower
60:56 Guard Tower
60:57 Guard Tower
61:00 Guard Tower
61:00 Guard Tower
61:06 Scout Tower
61:07 Scout Tower
61:07 Scout Tower
61:09 Scout Tower
61:09 Scout Tower
61:09 Scout Tower
61:10 Scout Tower
61:12 Scout Tower
61:13 Scout Tower
61:13 Scout Tower
61:15 Scout Tower
61:16 Scout Tower
61:16 Scout Tower
61:17 Scout Tower
61:20 Scout Tower
61:20 Scout Tower
61:21 Scout Tower
61:22 Scout Tower
61:23 Scout Tower
61:24 Scout Tower
61:26 Guard Tower
61:28 Scout Tower
61:29 Scout Tower
61:29 Scout Tower
61:30 Scout Tower
61:31 Scout Tower
61:32 Scout Tower
61:33 Scout Tower
61:33 Scout Tower
61:35 Scout Tower
61:35 Scout Tower
61:37 Scout Tower
61:37 Scout Tower
61:38 Scout Tower
61:39 Scout Tower
61:46 Guard Tower
61:46 Guard Tower
61:47 Guard Tower
61:47 Guard Tower
61:47 Guard Tower
61:51 Scout Tower
61:52 Scout Tower
61:53 Scout Tower
61:53 Scout Tower
61:54 Scout Tower
61:55 Scout Tower
61:56 Scout Tower
61:57 Scout Tower
61:59 Scout Tower
61:59 Scout Tower
62:00 Scout Tower
62:00 Scout Tower
62:01 Scout Tower
62:02 Scout Tower
62:02 Scout Tower
62:03 Scout Tower
62:05 Scout Tower
62:05 Scout Tower
62:06 Scout Tower
62:06 Scout Tower
62:07 Scout Tower
62:07 Scout Tower
62:08 Scout Tower
62:09 Scout Tower
62:09 Scout Tower
62:10 Scout Tower
62:11 Scout Tower
62:12 Scout Tower
62:13 Scout Tower
62:14 Scout Tower
62:16 Guard Tower
62:16 Guard Tower
62:23 Guard Tower
62:23 Guard Tower
62:23 Guard Tower
62:32 Scout Tower
62:33 Scout Tower
62:33 Scout Tower
62:34 Scout Tower
62:35 Scout Tower
62:35 Scout Tower
62:36 Scout Tower
62:37 Scout Tower
62:38 Scout Tower
62:39 Scout Tower
62:40 Scout Tower
62:41 Scout Tower
62:41 Scout Tower
62:42 Scout Tower
62:43 Scout Tower
62:44 Scout Tower
62:45 Scout Tower
62:45 Scout Tower
62:46 Scout Tower
62:47 Scout Tower
62:47 Scout Tower
62:48 Scout Tower
62:50 Scout Tower
62:50 Scout Tower
62:51 Scout Tower
63:05 Guard Tower
63:06 Guard Tower
63:06 Guard Tower
63:07 Guard Tower
63:07 Guard Tower
63:08 Scout Tower
63:09 Scout Tower
63:10 Scout Tower
63:11 Scout Tower
63:11 Scout Tower
63:13 Scout Tower
63:14 Scout Tower
63:15 Scout Tower
63:16 Scout Tower
63:16 Scout Tower
63:17 Scout Tower
63:18 Scout Tower
63:19 Scout Tower
63:20 Scout Tower
63:20 Scout Tower
63:21 Scout Tower
63:22 Scout Tower
63:23 Scout Tower
63:24 Scout Tower
63:26 Guard Tower
63:26 Guard Tower
63:26 Guard Tower
63:29 Guard Tower
63:30 Guard Tower
63:40 Scout Tower
63:41 Scout Tower
63:41 Scout Tower
63:42 Scout Tower
63:43 Scout Tower
63:44 Scout Tower
63:46 Scout Tower
63:47 Scout Tower
63:48 Guard Tower
63:48 Guard Tower
63:50 Guard Tower
63:50 Guard Tower
63:51 Guard Tower
63:51 Guard Tower
63:54 Guard Tower
63:59 Scout Tower
64:00 Scout Tower
64:02 Scout Tower
64:03 Scout Tower
64:03 Scout Tower
64:04 Scout Tower
64:05 Scout Tower
64:06 Scout Tower
64:07 Scout Tower
64:08 Scout Tower
64:13 Guard Tower
64:13 Guard Tower
64:15 Guard Tower
64:15 Guard Tower
64:16 Guard Tower
64:18 Scout Tower
64:19 Scout Tower
64:20 Scout Tower
64:21 Scout Tower
64:23 Scout Tower
64:24 Scout Tower
64:25 Scout Tower
64:26 Scout Tower
64:27 Scout Tower
64:27 Scout Tower
64:28 Scout Tower
64:30 Scout Tower
64:30 Scout Tower
64:32 Scout Tower
64:34 Scout Tower
64:36 Guard Tower
64:48 Scout Tower
64:49 Scout Tower
64:50 Scout Tower
64:51 Scout Tower
64:53 Scout Tower
64:54 Scout Tower
64:54 Scout Tower
64:56 Scout Tower
64:57 Scout Tower
64:57 Scout Tower
64:58 Scout Tower
65:00 Scout Tower
65:00 Scout Tower
65:01 Scout Tower
65:02 Scout Tower
65:03 Scout Tower
65:03 Scout Tower
65:04 Scout Tower
65:05 Scout Tower
65:05 Scout Tower
65:07 Guard Tower
65:08 Guard Tower
65:10 Scout Tower
65:10 Scout Tower
65:11 Scout Tower
65:12 Scout Tower
65:12 Scout Tower
65:13 Scout Tower
65:15 Scout Tower
65:16 Scout Tower
65:16 Scout Tower
65:17 Scout Tower
65:18 Scout Tower
65:19 Scout Tower
65:20 Scout Tower
65:21 Scout Tower
65:23 Scout Tower
65:24 Scout Tower
65:25 Scout Tower
65:26 Scout Tower
65:27 Scout Tower
65:28 Scout Tower
65:29 Scout Tower
65:29 Scout Tower
65:30 Scout Tower
65:31 Scout Tower
65:31 Scout Tower
65:32 Scout Tower
65:33 Scout Tower
65:33 Scout Tower
65:34 Scout Tower
65:35 Scout Tower
65:37 Scout Tower
65:37 Scout Tower
65:38 Scout Tower
65:39 Scout Tower
65:41 Scout Tower
65:42 Scout Tower
65:45 Scout Tower
65:45 Scout Tower
65:46 Scout Tower
65:47 Scout Tower
65:47 Scout Tower
65:48 Scout Tower
65:49 Scout Tower
65:49 Scout Tower
65:50 Scout Tower
65:51 Scout Tower
65:53 Scout Tower
65:53 Scout Tower
65:54 Scout Tower
65:55 Scout Tower
65:56 Scout Tower
65:57 Scout Tower
65:58 Scout Tower
66:01 Guard Tower
66:01 Guard Tower
66:01 Guard Tower
66:12 Scout Tower
66:13 Scout Tower
66:13 Scout Tower
66:14 Scout Tower
66:15 Scout Tower
66:16 Scout Tower
66:22 Guard Tower
66:23 Guard Tower
66:25 Scout Tower
66:26 Scout Tower
66:27 Scout Tower
66:27 Scout Tower
66:28 Scout Tower
66:29 Scout Tower
66:31 Scout Tower
66:32 Scout Tower
66:33 Scout Tower
66:46 Guard Tower
66:46 Guard Tower
66:46 Guard Tower
66:55 Guard Tower
66:55 Guard Tower
66:56 Scout Tower
66:57 Scout Tower
66:58 Scout Tower
66:58 Scout Tower
66:59 Scout Tower
67:00 Scout Tower
67:00 Scout Tower
67:01 Scout Tower
67:02 Scout Tower
67:03 Scout Tower
67:12 Scout Tower
67:13 Scout Tower
67:14 Scout Tower
67:15 Scout Tower
67:16 Scout Tower
67:16 Scout Tower
67:17 Scout Tower
67:18 Scout Tower
67:19 Scout Tower
67:19 Scout Tower
67:20 Scout Tower
67:21 Scout Tower
67:21 Scout Tower
67:22 Scout Tower
67:24 Guard Tower
67:25 Guard Tower
67:25 Guard Tower
67:26 Guard Tower
67:26 Guard Tower
67:26 Guard Tower
67:28 Scout Tower
67:28 Scout Tower
67:29 Scout Tower
67:29 Scout Tower
67:30 Scout Tower
67:31 Scout Tower
67:31 Scout Tower
67:32 Scout Tower
67:34 Scout Tower
67:34 Scout Tower
67:38 Scout Tower
67:39 Scout Tower
67:40 Scout Tower
67:40 Scout Tower
67:41 Scout Tower
67:41 Scout Tower
67:42 Scout Tower
67:42 Scout Tower
67:43 Scout Tower
67:43 Scout Tower
67:44 Scout Tower
67:46 Scout Tower
67:46 Scout Tower
67:47 Scout Tower
67:47 Scout Tower
67:48 Scout Tower
67:49 Scout Tower
67:50 Scout Tower
67:51 Scout Tower
67:52 Scout Tower
67:52 Scout Tower
67:53 Scout Tower
67:54 Scout Tower
67:56 Scout Tower
67:59 Scout Tower
67:59 Scout Tower
68:00 Scout Tower
68:01 Scout Tower
68:02 Scout Tower
68:02 Scout Tower
68:03 Scout Tower
68:03 Scout Tower
68:04 Scout Tower
68:07 Scout Tower
68:08 Scout Tower
68:09 Scout Tower
68:09 Scout Tower
68:10 Scout Tower
68:12 Scout Tower
68:13 Scout Tower
68:15 Guard Tower
68:16 Guard Tower
68:16 Guard Tower
68:18 Scout Tower
68:19 Scout Tower
68:19 Scout Tower
68:20 Scout Tower
68:21 Scout Tower
68:22 Scout Tower
68:23 Scout Tower
68:24 Scout Tower
68:38 Scout Tower
68:38 Scout Tower
68:39 Scout Tower
68:40 Scout Tower
68:41 Scout Tower
68:42 Scout Tower
68:43 Scout Tower
68:43 Scout Tower
69:01 Guard Tower
69:01 Guard Tower
69:05 Guard Tower
69:05 Guard Tower
69:07 Scout Tower
69:08 Scout Tower
69:09 Scout Tower
69:09 Scout Tower
69:10 Scout Tower
69:11 Scout Tower
69:12 Scout Tower
69:13 Scout Tower
69:13 Scout Tower
69:14 Scout Tower
69:16 Guard Tower
69:26 Guard Tower
69:36 Scout Tower
69:37 Scout Tower
69:38 Scout Tower
69:39 Scout Tower
69:39 Scout Tower
69:40 Scout Tower
69:41 Scout Tower
69:42 Scout Tower
69:42 Scout Tower
69:43 Scout Tower
69:44 Scout Tower
69:45 Scout Tower
69:46 Scout Tower
69:47 Scout Tower
69:47 Scout Tower
69:49 Scout Tower
69:49 Scout Tower
69:51 Scout Tower
69:52 Scout Tower
69:53 Scout Tower
69:54 Scout Tower
69:54 Scout Tower
69:55 Scout Tower
69:56 Scout Tower
69:57 Scout Tower
69:59 Scout Tower
69:59 Scout Tower
70:01 Guard Tower
70:01 Guard Tower
70:04 Scout Tower
70:05 Scout Tower
70:06 Scout Tower
70:07 Scout Tower
70:08 Scout Tower
70:09 Scout Tower
70:10 Scout Tower
70:10 Scout Tower
70:11 Scout Tower
70:11 Scout Tower
70:12 Scout Tower
70:13 Scout Tower
70:16 Guard Tower
70:16 Guard Tower
70:18 Scout Tower
70:19 Scout Tower
70:19 Scout Tower
70:20 Scout Tower
70:20 Scout Tower
70:21 Scout Tower
70:22 Scout Tower
70:22 Scout Tower
70:23 Scout Tower
70:23 Scout Tower
70:24 Scout Tower
70:33 Guard Tower
70:33 Guard Tower
70:34 Guard Tower
70:36 Guard Tower
70:37 Guard Tower
70:37 Guard Tower
70:39 Guard Tower
70:39 Guard Tower
70:45 Guard Tower
70:45 Guard Tower
70:47 Guard Tower
70:47 Guard Tower
70:49 Scout Tower
70:49 Scout Tower
70:51 Scout Tower
70:51 Scout Tower
70:52 Scout Tower
70:53 Scout Tower
70:54 Scout Tower
70:54 Scout Tower
70:55 Scout Tower
70:55 Scout Tower
70:56 Scout Tower
70:57 Scout Tower
70:58 Scout Tower
70:59 Scout Tower
70:59 Scout Tower
71:00 Scout Tower
71:01 Scout Tower
71:02 Scout Tower
71:02 Scout Tower
71:03 Scout Tower
71:04 Scout Tower
71:05 Scout Tower
71:05 Scout Tower
71:06 Scout Tower
71:07 Scout Tower
71:08 Scout Tower
71:09 Scout Tower
71:10 Scout Tower
71:11 Scout Tower
71:11 Scout Tower
71:12 Scout Tower
71:12 Scout Tower
71:13 Scout Tower
71:14 Scout Tower
71:15 Scout Tower
71:15 Scout Tower
71:17 Scout Tower
71:19 Guard Tower
71:19 Guard Tower
71:21 Guard Tower
71:22 Guard Tower
71:27 Scout Tower
71:28 Scout Tower
71:28 Scout Tower
71:29 Scout Tower
71:29 Scout Tower
71:30 Scout Tower
71:31 Scout Tower
71:32 Scout Tower
71:34 Scout Tower
71:34 Scout Tower
71:35 Scout Tower
71:36 Scout Tower
71:37 Scout Tower
71:38 Scout Tower
71:39 Scout Tower
71:40 Scout Tower
71:43 Guard Tower
71:43 Guard Tower
71:46 Scout Tower
71:47 Scout Tower
71:48 Scout Tower
71:49 Scout Tower
71:49 Scout Tower
71:50 Scout Tower
71:51 Scout Tower
71:52 Scout Tower
71:52 Scout Tower
71:53 Scout Tower
71:54 Scout Tower
71:54 Scout Tower
71:55 Scout Tower
71:56 Scout Tower
71:57 Scout Tower
71:58 Scout Tower
71:59 Scout Tower
72:00 Scout Tower
72:01 Scout Tower
72:02 Scout Tower
72:02 Scout Tower
72:03 Scout Tower
72:04 Scout Tower
72:05 Scout Tower
72:07 Guard Tower
72:07 Guard Tower
72:09 Scout Tower
72:11 Scout Tower
72:11 Scout Tower
72:12 Scout Tower
72:13 Scout Tower
72:14 Scout Tower
72:15 Scout Tower
72:16 Scout Tower
72:16 Scout Tower
72:17 Scout Tower
72:18 Scout Tower
72:19 Scout Tower
72:20 Scout Tower
72:20 Scout Tower
72:21 Scout Tower
72:22 Scout Tower
72:23 Scout Tower
72:24 Scout Tower
72:25 Scout Tower
72:26 Scout Tower
72:27 Scout Tower
72:28 Scout Tower
72:28 Scout Tower
72:30 Scout Tower
72:30 Scout Tower
72:32 Guard Tower
72:32 Guard Tower
72:32 Guard Tower
72:34 Guard Tower
72:34 Guard Tower
72:34 Guard Tower
72:35 Guard Tower
72:37 Scout Tower
72:38 Scout Tower
72:39 Scout Tower
72:40 Scout Tower
72:41 Scout Tower
72:42 Scout Tower
72:43 Scout Tower
72:44 Scout Tower
72:44 Scout Tower
72:45 Scout Tower
72:46 Scout Tower
72:46 Scout Tower
72:47 Scout Tower
72:48 Scout Tower
72:49 Scout Tower
72:49 Scout Tower
72:50 Scout Tower
72:51 Scout Tower
72:53 Scout Tower
72:54 Scout Tower
72:55 Scout Tower
72:56 Scout Tower
72:58 Scout Tower
72:58 Scout Tower
72:59 Scout Tower
73:00 Scout Tower
73:02 Scout Tower
73:03 Scout Tower
73:05 Guard Tower
73:06 Scout Tower
73:07 Scout Tower
73:08 Scout Tower
73:10 Scout Tower
73:10 Scout Tower
73:11 Scout Tower
73:12 Scout Tower
73:12 Scout Tower
73:13 Scout Tower
73:14 Scout Tower
73:15 Scout Tower
73:25 Scout Tower
73:26 Scout Tower
73:27 Scout Tower
73:28 Scout Tower
73:29 Scout Tower
73:30 Scout Tower
73:32 Scout Tower
73:32 Scout Tower
73:35 Scout Tower
73:36 Scout Tower
73:37 Scout Tower
73:38 Scout Tower
73:39 Scout Tower
73:40 Scout Tower
73:41 Scout Tower
73:41 Scout Tower
73:42 Scout Tower
73:45 Scout Tower
73:45 Scout Tower
73:46 Scout Tower
73:47 Scout Tower
73:47 Scout Tower
73:48 Scout Tower
73:49 Scout Tower
73:50 Scout Tower
73:50 Scout Tower
73:51 Scout Tower
73:52 Scout Tower
73:53 Scout Tower
73:53 Scout Tower
73:57 Guard Tower
73:58 Guard Tower
74:02 Scout Tower
74:04 Scout Tower
74:05 Scout Tower
74:05 Scout Tower
74:07 Scout Tower
74:08 Scout Tower
74:09 Scout Tower
74:10 Scout Tower
74:11 Scout Tower
74:13 Scout Tower
74:14 Scout Tower
74:15 Scout Tower
74:16 Scout Tower
74:17 Scout Tower
74:21 Scout Tower
74:23 Scout Tower
74:23 Scout Tower
74:24 Scout Tower
74:25 Scout Tower
74:26 Scout Tower
74:27 Guard Tower
74:27 Guard Tower
74:28 Guard Tower
74:30 Guard Tower
74:30 Guard Tower
74:32 Guard Tower
74:32 Guard Tower
74:33 Guard Tower
74:34 Guard Tower
74:34 Guard Tower
74:37 Guard Tower
74:37 Guard Tower
74:38 Guard Tower
74:38 Guard Tower
74:41 Guard Tower
74:42 Guard Tower
74:43 Scout Tower
74:44 Scout Tower
74:45 Scout Tower
74:46 Scout Tower
74:46 Scout Tower
74:47 Scout Tower
74:47 Scout Tower
74:56 Guard Tower
74:56 Guard Tower
75:11 Scout Tower
75:12 Scout Tower
75:13 Scout Tower
75:14 Scout Tower
75:15 Scout Tower
75:16 Scout Tower
75:16 Scout Tower
75:18 Scout Tower
75:19 Scout Tower
75:19 Scout Tower
75:21 Scout Tower
75:22 Scout Tower
75:22 Scout Tower
75:23 Scout Tower
75:24 Scout Tower
75:24 Scout Tower
75:26 Scout Tower
75:26 Scout Tower
75:27 Scout Tower
75:28 Scout Tower
75:31 Scout Tower
75:33 Scout Tower
75:37 Guard Tower
75:37 Guard Tower
75:38 Guard Tower
75:39 Guard Tower
75:40 Guard Tower
75:40 Guard Tower
75:40 Guard Tower
75:42 Scout Tower
75:43 Scout Tower
75:44 Scout Tower
75:45 Scout Tower
75:46 Scout Tower
75:47 Scout Tower
75:47 Scout Tower
75:49 Scout Tower
75:50 Scout Tower
75:51 Scout Tower
75:51 Scout Tower
75:52 Scout Tower
75:53 Scout Tower
75:54 Scout Tower
75:54 Scout Tower
75:55 Scout Tower
75:56 Scout Tower
75:56 Scout Tower
75:57 Scout Tower
75:58 Scout Tower
75:59 Scout Tower
75:59 Scout Tower
76:00 Scout Tower
76:07 Scout Tower
76:08 Scout Tower
76:08 Scout Tower
76:09 Scout Tower
76:10 Scout Tower
76:11 Scout Tower
76:12 Scout Tower
76:13 Scout Tower
76:13 Scout Tower
76:14 Scout Tower
76:14 Scout Tower
76:15 Scout Tower
76:17 Scout Tower
76:18 Scout Tower
76:18 Scout Tower
76:19 Scout Tower
76:20 Scout Tower
76:21 Scout Tower
76:22 Scout Tower
76:23 Scout Tower
76:24 Scout Tower
76:25 Scout Tower
76:26 Scout Tower
76:28 Guard Tower
76:28 Guard Tower
76:31 Scout Tower
76:31 Scout Tower
76:34 Scout Tower
76:35 Scout Tower
76:36 Scout Tower
76:37 Scout Tower
76:38 Scout Tower
76:40 Scout Tower
76:40 Scout Tower
76:42 Scout Tower
76:43 Scout Tower
76:44 Scout Tower
76:45 Scout Tower
76:45 Scout Tower
76:46 Scout Tower
76:48 Scout Tower
76:54 Scout Tower
76:55 Scout Tower
76:56 Scout Tower
76:56 Scout Tower
76:57 Scout Tower
76:58 Scout Tower
76:58 Scout Tower
76:59 Scout Tower
77:00 Scout Tower
77:03 Guard Tower
77:03 Guard Tower
77:05 Scout Tower
77:05 Scout Tower
77:06 Scout Tower
77:07 Scout Tower
77:08 Scout Tower
77:08 Scout Tower
77:09 Scout Tower
77:10 Scout Tower
77:11 Scout Tower
77:12 Scout Tower
77:12 Scout Tower
77:16 Guard Tower
77:16 Guard Tower
77:16 Guard Tower
77:17 Guard Tower
77:19 Guard Tower
77:20 Guard Tower
77:23 Scout Tower
77:24 Scout Tower
77:25 Scout Tower
77:25 Scout Tower
77:26 Scout Tower
77:26 Scout Tower
77:27 Scout Tower
77:28 Scout Tower
77:28 Scout Tower
77:29 Scout Tower
77:30 Scout Tower
77:30 Scout Tower
77:31 Scout Tower
77:32 Scout Tower
77:34 Guard Tower
77:34 Guard Tower
77:42 Scout Tower
77:43 Scout Tower
77:43 Scout Tower
77:44 Scout Tower
77:45 Scout Tower
77:50 Guard Tower
77:50 Guard Tower
77:51 Guard Tower
77:51 Guard Tower
77:51 Guard Tower
77:53 Scout Tower
77:54 Scout Tower
77:55 Scout Tower
77:55 Scout Tower
77:56 Scout Tower
77:56 Scout Tower
77:58 Scout Tower
77:59 Scout Tower
77:59 Scout Tower
78:00 Scout Tower
78:01 Scout Tower
78:02 Scout Tower
78:03 Scout Tower
78:07 Guard Tower
78:08 Guard Tower
78:11 Scout Tower
78:12 Scout Tower
78:12 Scout Tower
78:13 Scout Tower
78:14 Scout Tower
78:15 Scout Tower
78:16 Scout Tower
78:18 Guard Tower
78:18 Guard Tower
78:19 Guard Tower
78:19 Guard Tower
78:22 Scout Tower
78:23 Scout Tower
78:24 Scout Tower
78:24 Scout Tower
78:25 Scout Tower
78:25 Scout Tower
78:26 Scout Tower
78:27 Scout Tower
78:28 Scout Tower
78:28 Scout Tower
78:29 Scout Tower
78:32 Guard Tower
78:36 Scout Tower
78:37 Scout Tower
78:38 Scout Tower
78:38 Scout Tower
78:39 Scout Tower
78:40 Scout Tower
78:40 Scout Tower
78:41 Scout Tower
78:42 Scout Tower
78:44 Scout Tower
78:45 Scout Tower
78:46 Scout Tower
78:47 Scout Tower
78:47 Scout Tower
78:55 Scout Tower
78:55 Scout Tower
78:56 Scout Tower
78:57 Scout Tower
78:58 Scout Tower
78:58 Scout Tower
78:59 Scout Tower
79:01 Scout Tower
79:03 Scout Tower
79:03 Scout Tower
79:06 Scout Tower
79:07 Scout Tower
79:08 Scout Tower
79:09 Scout Tower
79:09 Scout Tower
79:10 Scout Tower
79:11 Scout Tower
79:12 Scout Tower
79:15 Guard Tower
79:15 Guard Tower
79:15 Guard Tower
79:18 Scout Tower
79:18 Scout Tower
79:19 Scout Tower
79:20 Scout Tower
79:21 Scout Tower
79:22 Scout Tower
79:22 Scout Tower
79:23 Scout Tower
79:24 Scout Tower
79:24 Scout Tower
79:25 Scout Tower
79:26 Guard Tower
79:26 Guard Tower
79:28 Guard Tower
79:29 Guard Tower
79:31 Guard Tower
79:31 Guard Tower
79:32 Guard Tower
79:39 Scout Tower
79:39 Scout Tower
79:40 Scout Tower
79:41 Scout Tower
79:41 Scout Tower
79:43 Scout Tower
79:43 Scout Tower
79:44 Scout Tower
79:45 Scout Tower
79:45 Scout Tower
79:46 Scout Tower
79:46 Scout Tower
79:47 Scout Tower
79:48 Scout Tower
79:48 Scout Tower
79:48 Scout Tower
79:49 Scout Tower
79:51 Scout Tower
79:52 Scout Tower
79:53 Scout Tower
79:54 Scout Tower
79:55 Scout Tower
79:55 Scout Tower
79:56 Scout Tower
79:57 Scout Tower
80:01 Guard Tower
80:02 Guard Tower
80:03 Scout Tower
80:04 Scout Tower
80:05 Scout Tower
80:05 Scout Tower
80:06 Scout Tower
80:07 Scout Tower
80:08 Scout Tower
80:10 Scout Tower
80:11 Scout Tower
80:12 Scout Tower
80:12 Scout Tower
80:14 Scout Tower
80:15 Scout Tower
80:23 Guard Tower
80:23 Guard Tower
80:25 Guard Tower
80:25 Guard Tower
80:27 Scout Tower
80:28 Scout Tower
80:29 Scout Tower
80:30 Scout Tower
80:31 Scout Tower
80:32 Scout Tower
80:33 Scout Tower
80:34 Scout Tower
80:41 Guard Tower
80:41 Guard Tower
80:43 Guard Tower
80:43 Guard Tower
80:45 Guard Tower
80:45 Guard Tower
80:57 Guard Tower
80:57 Guard Tower
80:58 Guard Tower
80:59 Scout Tower
81:00 Scout Tower
81:01 Scout Tower
81:02 Scout Tower
81:03 Scout Tower
81:05 Scout Tower
81:05 Scout Tower
81:06 Scout Tower
81:08 Scout Tower
81:08 Scout Tower
81:09 Scout Tower
81:12 Guard Tower
81:12 Guard Tower
81:14 Scout Tower
81:14 Scout Tower
81:15 Scout Tower
81:32 Guard Tower
81:33 Guard Tower
81:33 Guard Tower
81:35 Guard Tower
81:35 Guard Tower
81:41 Scout Tower
81:41 Scout Tower
81:42 Scout Tower
81:43 Scout Tower
81:44 Scout Tower
81:44 Scout Tower
81:45 Scout Tower
81:46 Scout Tower
81:46 Scout Tower
81:47 Scout Tower
81:48 Scout Tower
81:49 Scout Tower
81:49 Scout Tower
81:50 Scout Tower
81:51 Scout Tower
81:51 Scout Tower
81:52 Scout Tower
81:54 Scout Tower
81:56 Guard Tower
81:56 Guard Tower
81:59 Scout Tower
82:00 Scout Tower
82:01 Scout Tower
82:02 Scout Tower
82:02 Scout Tower
82:03 Scout Tower
82:03 Scout Tower
82:04 Scout Tower
82:06 Scout Tower
82:07 Scout Tower
82:08 Scout Tower
82:08 Scout Tower
82:09 Scout Tower
82:10 Scout Tower
82:11 Scout Tower
82:15 Scout Tower
82:16 Scout Tower
82:17 Scout Tower
82:18 Scout Tower
82:19 Scout Tower
82:21 Scout Tower
82:21 Scout Tower
82:22 Scout Tower
82:23 Scout Tower
82:24 Scout Tower
82:25 Scout Tower
82:26 Scout Tower
82:26 Scout Tower
82:28 Scout Tower
82:29 Scout Tower
82:30 Scout Tower
82:31 Scout Tower
82:32 Scout Tower
82:33 Scout Tower
82:35 Guard Tower
82:36 Scout Tower
82:37 Scout Tower
82:39 Scout Tower
82:40 Scout Tower
82:40 Scout Tower
82:41 Scout Tower
82:42 Scout Tower
82:43 Scout Tower
82:44 Scout Tower
82:44 Scout Tower
82:58 Guard Tower
82:58 Guard Tower
83:05 Guard Tower
83:05 Guard Tower
83:06 Guard Tower
83:12 Guard Tower
83:12 Guard Tower
83:12 Guard Tower
83:21 Guard Tower
83:21 Guard Tower
83:26 Scout Tower
83:28 Scout Tower
83:29 Scout Tower
83:30 Scout Tower
83:30 Scout Tower
83:31 Scout Tower
83:32 Scout Tower
83:37 Scout Tower
83:38 Scout Tower
83:39 Scout Tower
83:40 Scout Tower
83:41 Scout Tower
83:42 Scout Tower
83:42 Scout Tower
83:43 Scout Tower
83:43 Scout Tower
83:45 Scout Tower
83:45 Scout Tower
83:46 Scout Tower
83:47 Scout Tower
83:50 Guard Tower
83:51 Guard Tower
83:51 Guard Tower
83:55 Guard Tower
83:55 Guard Tower
84:01 Scout Tower
84:02 Scout Tower
84:03 Scout Tower
84:04 Scout Tower
84:05 Scout Tower
84:05 Scout Tower
84:05 Scout Tower
84:06 Scout Tower
84:08 Scout Tower
84:08 Scout Tower
84:09 Scout Tower
84:10 Scout Tower
84:11 Scout Tower
84:11 Scout Tower
84:13 Scout Tower
84:14 Scout Tower
84:14 Scout Tower
84:15 Scout Tower
84:16 Scout Tower
84:16 Scout Tower
84:17 Scout Tower
84:18 Scout Tower
84:20 Guard Tower
84:22 Scout Tower
84:24 Scout Tower
84:25 Scout Tower
84:25 Scout Tower
84:26 Scout Tower
84:27 Scout Tower
84:27 Scout Tower
84:28 Scout Tower
84:29 Scout Tower
84:30 Scout Tower
84:31 Scout Tower
84:33 Scout Tower
84:33 Scout Tower
84:34 Scout Tower
84:35 Scout Tower
84:35 Scout Tower
84:36 Scout Tower
84:37 Scout Tower
84:37 Scout Tower
84:38 Scout Tower
84:39 Scout Tower
84:39 Scout Tower
84:46 Scout Tower
84:47 Scout Tower
84:48 Scout Tower
84:48 Scout Tower
84:49 Scout Tower
84:50 Scout Tower
84:51 Scout Tower
84:52 Scout Tower
84:53 Scout Tower
84:54 Scout Tower
84:54 Scout Tower
84:55 Scout Tower
84:56 Scout Tower
84:57 Scout Tower
84:58 Scout Tower
84:59 Scout Tower
85:00 Scout Tower
85:01 Scout Tower
85:03 Scout Tower
85:04 Scout Tower
85:04 Scout Tower
85:05 Scout Tower
85:08 Scout Tower
85:08 Scout Tower
85:09 Scout Tower
85:10 Scout Tower
85:11 Scout Tower
85:12 Scout Tower
85:13 Scout Tower
85:14 Scout Tower
85:14 Scout Tower
85:15 Scout Tower
85:17 Scout Tower
85:18 Scout Tower
85:19 Guard Tower
85:19 Guard Tower
85:22 Guard Tower
85:22 Guard Tower
85:22 Guard Tower
85:24 Scout Tower
85:25 Scout Tower
85:32 Guard Tower
85:32 Guard Tower
85:32 Guard Tower
85:34 Scout Tower
85:35 Scout Tower
85:35 Scout Tower
85:36 Scout Tower
85:37 Scout Tower
85:38 Scout Tower
85:38 Scout Tower
85:39 Scout Tower
85:41 Scout Tower
85:42 Scout Tower
85:44 Scout Tower
85:47 Scout Tower
85:47 Scout Tower
85:48 Scout Tower
85:49 Scout Tower
85:50 Scout Tower
85:50 Scout Tower
85:51 Scout Tower
85:52 Guard Tower
85:52 Guard Tower
85:57 Scout Tower
85:58 Scout Tower
85:59 Scout Tower
86:00 Scout Tower
86:01 Scout Tower
86:03 Guard Tower
86:03 Guard Tower
86:04 Scout Tower
86:05 Scout Tower
86:06 Scout Tower
86:06 Scout Tower
86:07 Scout Tower
86:08 Scout Tower
86:09 Scout Tower
86:09 Scout Tower
86:10 Scout Tower
86:11 Scout Tower
86:13 Scout Tower
86:14 Scout Tower
86:15 Scout Tower
86:17 Scout Tower
86:19 Scout Tower
86:20 Guard Tower
86:20 Guard Tower
86:20 Guard Tower
86:29 Scout Tower
86:30 Scout Tower
86:30 Scout Tower
86:31 Scout Tower
86:32 Scout Tower
86:33 Scout Tower
86:34 Scout Tower
86:34 Scout Tower
86:35 Scout Tower
86:37 Scout Tower
86:38 Scout Tower
86:39 Scout Tower
86:40 Guard Tower
86:41 Guard Tower
86:43 Guard Tower
86:44 Scout Tower
86:45 Scout Tower
86:45 Scout Tower
86:46 Scout Tower
86:46 Scout Tower
86:47 Scout Tower
86:48 Scout Tower
86:49 Scout Tower
86:49 Scout Tower
86:50 Scout Tower
86:51 Scout Tower
86:51 Scout Tower
86:52 Scout Tower
86:53 Scout Tower
86:58 Guard Tower
86:58 Guard Tower
87:01 Guard Tower
87:01 Guard Tower
87:02 Guard Tower
87:02 Guard Tower
87:03 Guard Tower
87:05 Scout Tower
87:05 Scout Tower
87:06 Scout Tower
87:07 Scout Tower
87:08 Scout Tower
87:09 Scout Tower
87:11 Scout Tower
87:11 Scout Tower
87:12 Scout Tower
87:13 Scout Tower
87:13 Scout Tower
87:14 Scout Tower
87:15 Scout Tower
87:16 Scout Tower
87:16 Scout Tower
87:17 Scout Tower
87:18 Scout Tower
87:18 Scout Tower
87:19 Scout Tower
87:20 Scout Tower
87:20 Scout Tower
87:22 Scout Tower
87:23 Scout Tower
87:24 Scout Tower
87:32 Guard Tower
87:32 Guard Tower
87:38 Scout Tower
87:39 Scout Tower
87:40 Scout Tower
87:40 Scout Tower
87:42 Scout Tower
87:42 Scout Tower
87:44 Scout Tower
87:45 Scout Tower
87:46 Scout Tower
87:47 Scout Tower
87:53 Scout Tower
87:54 Scout Tower
87:55 Scout Tower
87:56 Scout Tower
87:57 Scout Tower
87:58 Scout Tower
87:58 Scout Tower
87:59 Scout Tower
88:00 Scout Tower
88:00 Scout Tower
88:01 Scout Tower
88:02 Scout Tower
88:04 Guard Tower
88:04 Guard Tower
88:05 Guard Tower
88:07 Scout Tower
88:07 Scout Tower
88:08 Scout Tower
88:09 Scout Tower
88:10 Scout Tower
88:11 Scout Tower
88:12 Scout Tower
88:16 Scout Tower
88:17 Scout Tower
88:17 Scout Tower
88:18 Scout Tower
88:19 Scout Tower
88:19 Scout Tower
88:20 Scout Tower
88:21 Scout Tower
88:21 Scout Tower
88:22 Scout Tower
88:24 Scout Tower
88:25 Scout Tower
88:30 Guard Tower
88:30 Guard Tower
88:32 Guard Tower
88:32 Guard Tower
88:34 Guard Tower
88:34 Guard Tower
88:37 Scout Tower
88:38 Scout Tower
88:38 Scout Tower
88:39 Scout Tower
88:40 Scout Tower
88:42 Scout Tower
88:43 Scout Tower
88:44 Scout Tower
88:46 Scout Tower
88:48 Scout Tower
88:48 Scout Tower
88:49 Scout Tower
88:50 Scout Tower
88:51 Scout Tower
88:52 Scout Tower
88:52 Scout Tower
88:54 Scout Tower
88:56 Scout Tower
88:57 Scout Tower
88:57 Scout Tower
88:58 Scout Tower
88:59 Scout Tower
89:00 Scout Tower
89:02 Scout Tower
89:21 Guard Tower
89:22 Guard Tower
89:23 Guard Tower
89:23 Guard Tower
89:24 Guard Tower
89:25 Guard Tower
89:25 Guard Tower
89:25 Guard Tower
89:30 Scout Tower
89:31 Scout Tower
89:31 Scout Tower
89:32 Scout Tower
89:33 Scout Tower
89:34 Scout Tower
89:35 Scout Tower
89:35 Scout Tower
89:36 Scout Tower
89:36 Scout Tower
89:37 Scout Tower
89:37 Scout Tower
89:38 Scout Tower
89:39 Scout Tower
89:39 Scout Tower
89:39 Scout Tower
89:39 Scout Tower
89:40 Scout Tower
89:40 Scout Tower
89:40 Scout Tower
89:40 Scout Tower
89:43 Guard Tower
89:43 Guard Tower
89:47 Guard Tower
89:47 Guard Tower
89:53 Scout Tower
89:54 Scout Tower
89:55 Scout Tower
89:56 Scout Tower
89:59 Scout Tower
90:00 Scout Tower
90:03 Scout Tower
90:06 Scout Tower
90:06 Scout Tower
90:07 Scout Tower
90:08 Scout Tower
90:09 Scout Tower
90:10 Scout Tower
90:10 Scout Tower
90:11 Scout Tower
90:14 Guard Tower
90:14 Guard Tower
90:16 Scout Tower
90:17 Scout Tower
90:18 Scout Tower
90:18 Scout Tower
90:19 Scout Tower
90:21 Scout Tower
90:22 Scout Tower
90:23 Scout Tower
90:23 Scout Tower
90:24 Scout Tower
90:25 Scout Tower
90:27 Scout Tower
90:28 Scout Tower
90:29 Scout Tower
90:29 Scout Tower
90:30 Scout Tower
90:31 Scout Tower
90:32 Scout Tower
90:34 Scout Tower
90:34 Scout Tower
90:35 Scout Tower
90:36 Scout Tower
90:42 Guard Tower
90:43 Guard Tower
90:52 Scout Tower
90:53 Scout Tower
90:54 Scout Tower
90:55 Scout Tower
90:55 Scout Tower
90:56 Scout Tower
90:57 Scout Tower
90:58 Scout Tower
90:58 Scout Tower
91:00 Guard Tower
91:00 Guard Tower
91:00 Guard Tower
91:02 Scout Tower
91:03 Scout Tower
91:04 Scout Tower
91:05 Scout Tower
91:06 Scout Tower
91:08 Scout Tower
91:09 Scout Tower
91:09 Scout Tower
91:10 Scout Tower
91:10 Scout Tower
91:11 Scout Tower
91:11 Guard Tower
91:12 Guard Tower
91:14 Guard Tower
91:14 Guard Tower
91:17 Scout Tower
91:18 Scout Tower
91:19 Scout Tower
91:20 Scout Tower
91:21 Scout Tower
91:21 Scout Tower
91:27 Guard Tower
91:27 Guard Tower
91:28 Scout Tower
91:30 Scout Tower
91:31 Scout Tower
91:31 Scout Tower
91:32 Scout Tower
91:33 Scout Tower
91:34 Scout Tower
91:35 Scout Tower
91:39 Guard Tower
91:40 Guard Tower
91:46 Guard Tower
91:51 Scout Tower
91:52 Scout Tower
91:53 Scout Tower
91:54 Scout Tower
91:55 Scout Tower
91:55 Scout Tower
91:56 Scout Tower
91:57 Scout Tower
91:58 Scout Tower
91:59 Scout Tower
92:08 Scout Tower
92:09 Scout Tower
92:09 Scout Tower
92:10 Scout Tower
92:10 Scout Tower
92:13 Scout Tower
92:16 Guard Tower
92:16 Guard Tower
92:16 Guard Tower
92:18 Scout Tower
92:19 Scout Tower
92:20 Scout Tower
92:20 Scout Tower
92:21 Scout Tower
92:23 Scout Tower
92:24 Scout Tower
92:25 Scout Tower
92:27 Scout Tower
92:29 Scout Tower
92:30 Scout Tower
92:30 Scout Tower
92:32 Scout Tower
92:32 Scout Tower
92:34 Scout Tower
92:36 Guard Tower
92:36 Guard Tower
92:37 Guard Tower
92:37 Guard Tower
92:39 Guard Tower
92:41 Scout Tower
92:41 Scout Tower
92:42 Scout Tower
92:43 Scout Tower
92:44 Scout Tower
92:45 Scout Tower
92:46 Scout Tower
92:46 Scout Tower
92:46 Scout Tower
92:46 Scout Tower
92:47 Scout Tower
92:47 Scout Tower
92:48 Scout Tower
92:48 Scout Tower
92:48 Scout Tower
92:49 Scout Tower
92:49 Scout Tower
92:49 Scout Tower
92:49 Scout Tower
92:50 Scout Tower
92:50 Scout Tower
92:50 Scout Tower
92:53 Guard Tower
92:53 Guard Tower
92:59 Scout Tower
93:00 Scout Tower
93:01 Scout Tower
93:02 Scout Tower
93:03 Scout Tower
93:04 Scout Tower
93:05 Scout Tower
93:05 Scout Tower
93:06 Scout Tower
93:07 Scout Tower
93:09 Guard Tower
93:10 Guard Tower
93:10 Guard Tower
93:11 Guard Tower
93:11 Guard Tower
93:14 Guard Tower
93:14 Guard Tower
93:16 Scout Tower
93:17 Scout Tower
93:18 Scout Tower
93:21 Scout Tower
93:21 Scout Tower
93:22 Scout Tower
93:23 Scout Tower
93:24 Scout Tower
93:25 Scout Tower
93:26 Scout Tower
93:26 Scout Tower
93:27 Scout Tower
93:28 Scout Tower
93:29 Scout Tower
93:31 Guard Tower
93:32 Guard Tower
93:33 Scout Tower
93:34 Scout Tower
93:34 Scout Tower
93:35 Scout Tower
93:36 Scout Tower
93:37 Scout Tower
93:38 Scout Tower
93:40 Scout Tower
93:41 Scout Tower
93:43 Scout Tower
93:43 Scout Tower
93:44 Scout Tower
93:44 Scout Tower
93:45 Scout Tower
93:45 Scout Tower
93:46 Scout Tower
93:46 Scout Tower
93:48 Scout Tower
93:49 Scout Tower
93:50 Scout Tower
93:50 Scout Tower
93:52 Guard Tower
93:54 Guard Tower
93:56 Scout Tower
93:57 Scout Tower
93:58 Scout Tower
94:00 Scout Tower
94:01 Scout Tower
94:01 Scout Tower
94:02 Scout Tower
94:03 Scout Tower
94:05 Scout Tower
94:06 Scout Tower
94:06 Scout Tower
94:07 Scout Tower
94:10 Scout Tower
94:10 Scout Tower
94:11 Scout Tower
94:11 Scout Tower
94:14 Guard Tower
94:15 Scout Tower
94:16 Scout Tower
94:16 Scout Tower
94:17 Scout Tower
94:17 Scout Tower
94:18 Scout Tower
94:18 Scout Tower
94:19 Scout Tower
94:20 Scout Tower
94:22 Scout Tower
94:23 Scout Tower
94:24 Scout Tower
94:25 Scout Tower
94:27 Guard Tower
94:27 Guard Tower
94:29 Guard Tower
94:30 Guard Tower
94:31 Scout Tower
94:32 Scout Tower
94:32 Scout Tower
94:33 Scout Tower
94:35 Scout Tower
94:36 Scout Tower
94:36 Scout Tower
94:37 Scout Tower
94:38 Scout Tower
94:39 Scout Tower
94:40 Scout Tower
94:41 Scout Tower
94:42 Scout Tower
94:43 Scout Tower
94:44 Scout Tower
94:50 Scout Tower
94:51 Scout Tower
94:52 Scout Tower
94:53 Scout Tower
94:55 Scout Tower
94:56 Scout Tower
94:57 Scout Tower
94:58 Scout Tower
94:58 Scout Tower
95:00 Scout Tower
95:01 Scout Tower
95:01 Scout Tower
95:02 Scout Tower
95:05 Guard Tower
95:05 Guard Tower
95:14 Guard Tower
95:15 Guard Tower
95:16 Guard Tower
95:16 Guard Tower
95:18 Guard Tower
95:20 Guard Tower
95:20 Guard Tower
95:22 Scout Tower
95:23 Scout Tower
95:23 Scout Tower
95:24 Scout Tower
95:25 Scout Tower
95:26 Scout Tower
95:27 Scout Tower
95:28 Scout Tower
95:29 Scout Tower
95:30 Scout Tower
95:31 Scout Tower
95:31 Scout Tower
95:31 Scout Tower
95:33 Scout Tower
95:34 Scout Tower
95:35 Scout Tower
95:35 Scout Tower
95:36 Scout Tower
95:37 Scout Tower
95:37 Scout Tower
95:37 Scout Tower
95:38 Scout Tower
95:38 Scout Tower
95:38 Scout Tower
95:40 Scout Tower
95:40 Scout Tower
95:40 Scout Tower
95:41 Scout Tower
95:41 Scout Tower
95:41 Scout Tower
95:41 Scout Tower
95:42 Scout Tower
95:43 Scout Tower
95:47 Scout Tower
95:49 Scout Tower
95:49 Scout Tower
95:50 Scout Tower
95:51 Scout Tower
95:52 Scout Tower
95:53 Scout Tower
95:57 Scout Tower
95:57 Scout Tower
95:58 Scout Tower
95:58 Scout Tower
95:58 Scout Tower
95:58 Scout Tower
95:59 Scout Tower
96:06 Guard Tower
96:06 Guard Tower
96:07 Guard Tower
96:07 Guard Tower
96:07 Guard Tower
96:11 Scout Tower
96:11 Scout Tower
96:11 Scout Tower
96:11 Scout Tower
96:12 Scout Tower
96:12 Scout Tower
96:12 Scout Tower
96:14 Scout Tower
96:14 Scout Tower
96:15 Scout Tower
96:15 Scout Tower
96:15 Scout Tower
96:16 Scout Tower
96:16 Scout Tower
96:19 Scout Tower
96:19 Scout Tower
96:20 Scout Tower
96:21 Scout Tower
96:22 Scout Tower
96:29 Scout Tower
96:29 Scout Tower
96:30 Scout Tower
96:31 Scout Tower
96:31 Scout Tower
96:32 Scout Tower
96:33 Scout Tower
96:34 Scout Tower
96:35 Scout Tower
96:36 Scout Tower
96:37 Scout Tower
96:38 Scout Tower
96:39 Scout Tower
96:40 Scout Tower
96:43 Guard Tower
96:44 Guard Tower
96:47 Scout Tower
96:49 Scout Tower
96:49 Scout Tower
96:50 Scout Tower
96:51 Scout Tower
96:51 Scout Tower
96:52 Scout Tower
96:53 Scout Tower
96:54 Scout Tower
96:54 Scout Tower
96:55 Scout Tower
96:56 Scout Tower
96:58 Scout Tower
96:59 Scout Tower
97:01 Guard Tower
97:01 Guard Tower
97:03 Scout Tower
97:03 Scout Tower
97:04 Scout Tower
97:04 Scout Tower
97:05 Scout Tower
97:05 Scout Tower
97:06 Scout Tower
97:06 Scout Tower
97:07 Scout Tower
97:09 Scout Tower
97:10 Scout Tower
97:11 Scout Tower
97:12 Scout Tower
97:12 Scout Tower
97:12 Scout Tower
97:13 Scout Tower
97:14 Scout Tower
97:16 Scout Tower
97:24 Guard Tower
97:24 Guard Tower
97:25 Guard Tower
97:25 Guard Tower
97:26 Guard Tower
97:27 Guard Tower
97:27 Guard Tower
97:31 Scout Tower
97:32 Scout Tower
97:32 Scout Tower
97:32 Scout Tower
97:33 Scout Tower
97:33 Scout Tower
97:33 Scout Tower
97:34 Scout Tower
97:34 Scout Tower
97:35 Scout Tower
97:35 Scout Tower
97:37 Scout Tower
97:37 Scout Tower
97:38 Scout Tower
97:38 Scout Tower
97:40 Guard Tower
97:40 Guard Tower
97:45 Scout Tower
97:45 Scout Tower
97:46 Scout Tower
97:47 Scout Tower
97:47 Scout Tower
97:50 Scout Tower
97:51 Scout Tower
97:51 Scout Tower
97:51 Scout Tower
97:52 Scout Tower
97:52 Scout Tower
97:52 Scout Tower
97:53 Scout Tower
97:53 Scout Tower
98:00 Guard Tower
98:00 Guard Tower
98:00 Guard Tower
98:02 Scout Tower
98:02 Scout Tower
98:02 Scout Tower
98:03 Scout Tower
98:05 Scout Tower
98:05 Scout Tower
98:05 Scout Tower
98:05 Scout Tower
98:06 Scout Tower
98:06 Scout Tower
98:10 Guard Tower
98:10 Guard Tower
98:10 Guard Tower
98:12 Guard Tower
98:12 Guard Tower
98:14 Scout Tower
98:14 Scout Tower
98:14 Scout Tower
98:15 Scout Tower
98:15 Scout Tower
98:15 Scout Tower
98:15 Scout Tower
98:17 Guard Tower
98:18 Guard Tower
98:22 Scout Tower
98:22 Scout Tower
98:23 Scout Tower
98:23 Scout Tower
98:23 Scout Tower
98:23 Scout Tower
98:25 Scout Tower
98:25 Scout Tower
98:26 Scout Tower
98:26 Scout Tower
98:28 Scout Tower
98:29 Scout Tower
98:29 Scout Tower
98:29 Scout Tower
98:29 Scout Tower
98:30 Scout Tower
98:30 Scout Tower
98:31 Scout Tower
98:31 Scout Tower
98:32 Scout Tower
98:32 Scout Tower
98:32 Scout Tower
98:33 Scout Tower
98:34 Scout Tower
98:35 Scout Tower
98:38 Guard Tower
98:39 Guard Tower
98:39 Guard Tower
98:40 Guard Tower
98:40 Guard Tower
98:48 Scout Tower
98:49 Scout Tower
98:49 Scout Tower
98:49 Scout Tower
98:50 Scout Tower
98:50 Scout Tower
98:50 Scout Tower
98:52 Scout Tower
98:52 Scout Tower
98:53 Scout Tower
98:53 Scout Tower
98:54 Scout Tower
98:54 Scout Tower
98:56 Scout Tower
98:57 Scout Tower
98:57 Scout Tower
98:57 Scout Tower
98:57 Scout Tower
98:59 Scout Tower
98:59 Scout Tower
98:59 Scout Tower
98:59 Scout Tower
99:00 Scout Tower
99:02 Guard Tower
99:02 Guard Tower
99:05 Scout Tower
99:05 Scout Tower
99:07 Scout Tower
99:07 Scout Tower
99:07 Scout Tower
99:08 Scout Tower
99:08 Scout Tower
99:08 Scout Tower
99:08 Scout Tower
99:11 Guard Tower
99:12 Guard Tower
99:15 Scout Tower
99:15 Scout Tower
99:16 Scout Tower
99:16 Scout Tower
99:17 Scout Tower
99:17 Scout Tower
99:18 Scout Tower
99:18 Scout Tower
99:18 Scout Tower
99:18 Scout Tower
99:19 Scout Tower
99:19 Scout Tower
99:19 Scout Tower
99:22 Guard Tower
99:22 Guard Tower
99:25 Scout Tower
99:25 Scout Tower
99:25 Scout Tower
99:27 Scout Tower
99:27 Scout Tower
99:33 Guard Tower
99:33 Guard Tower
99:33 Guard Tower
99:35 Guard Tower
99:35 Guard Tower
99:37 Scout Tower
99:37 Scout Tower
99:38 Scout Tower
99:38 Scout Tower
99:38 Scout Tower
99:40 Scout Tower
99:40 Scout Tower
99:40 Scout Tower
99:40 Scout Tower
99:41 Scout Tower
99:41 Scout Tower
99:42 Scout Tower
99:42 Scout Tower
99:42 Scout Tower
99:42 Scout Tower
99:44 Scout Tower
99:44 Scout Tower
99:46 Scout Tower
99:47 Scout Tower
99:48 Scout Tower
99:50 Guard Tower
99:50 Guard Tower
99:52 Scout Tower
99:53 Scout Tower
99:53 Scout Tower
99:53 Scout Tower
99:54 Scout Tower
99:54 Scout Tower
99:55 Scout Tower
100:00 Guard Tower
100:00 Guard Tower
100:02 Scout Tower
100:02 Scout Tower
100:03 Scout Tower
100:03 Scout Tower
100:06 Scout Tower
100:06 Scout Tower
100:08 Scout Tower
100:08 Scout Tower
100:08 Scout Tower
100:09 Scout Tower
100:09 Scout Tower
100:10 Guard Tower
100:11 Guard Tower
100:13 Guard Tower
100:13 Guard Tower
100:13 Guard Tower
100:16 Scout Tower
100:16 Scout Tower
100:16 Scout Tower
100:17 Scout Tower
100:17 Scout Tower
100:18 Scout Tower
100:18 Scout Tower
100:19 Scout Tower
100:19 Scout Tower
100:21 Scout Tower
100:22 Scout Tower
100:24 Scout Tower
100:24 Scout Tower
100:24 Scout Tower
100:28 Guard Tower
100:28 Guard Tower
100:29 Scout Tower
100:30 Scout Tower
100:30 Scout Tower
100:30 Scout Tower
100:30 Scout Tower
100:31 Scout Tower
100:31 Scout Tower
100:32 Scout Tower
100:33 Scout Tower
100:33 Scout Tower
100:33 Scout Tower
100:35 Scout Tower
100:35 Scout Tower
100:35 Scout Tower
100:37 Scout Tower
100:37 Scout Tower
100:37 Scout Tower
100:38 Scout Tower
100:39 Scout Tower
100:39 Scout Tower
100:39 Scout Tower
100:40 Scout Tower
100:41 Guard Tower
100:42 Guard Tower
100:42 Guard Tower
100:44 Scout Tower
100:45 Scout Tower
100:45 Scout Tower
100:45 Scout Tower
100:50 Guard Tower
100:50 Guard Tower
100:52 Scout Tower
100:53 Scout Tower
100:53 Scout Tower
100:53 Scout Tower
100:53 Scout Tower
100:54 Scout Tower
100:54 Scout Tower
100:54 Scout Tower
100:54 Scout Tower
100:55 Scout Tower
100:55 Scout Tower
100:55 Scout Tower
100:55 Scout Tower
100:56 Scout Tower
100:56 Scout Tower
100:56 Scout Tower
100:57 Scout Tower
100:57 Scout Tower
100:57 Scout Tower
100:57 Scout Tower
100:58 Scout Tower
100:58 Scout Tower
100:58 Scout Tower
100:59 Scout Tower
100:59 Scout Tower
100:59 Scout Tower
101:00 Scout Tower
101:00 Scout Tower
101:00 Scout Tower
101:01 Scout Tower
101:03 Guard Tower
101:04 Guard Tower
101:04 Guard Tower
101:05 Scout Tower
101:05 Scout Tower
101:05 Scout Tower
101:06 Scout Tower
101:06 Scout Tower
101:06 Scout Tower
101:06 Scout Tower
101:07 Scout Tower
101:07 Scout Tower
101:08 Scout Tower
101:08 Scout Tower
101:09 Scout Tower
101:09 Scout Tower
101:09 Scout Tower
101:09 Scout Tower
101:11 Scout Tower
101:11 Scout Tower
101:11 Scout Tower
101:12 Scout Tower
101:12 Scout Tower
101:12 Scout Tower
101:16 Guard Tower
101:17 Guard Tower
101:18 Scout Tower
101:18 Scout Tower
101:18 Scout Tower
101:19 Scout Tower
101:19 Scout Tower
101:20 Scout Tower
101:20 Scout Tower
101:21 Scout Tower
101:21 Scout Tower
101:22 Scout Tower
101:23 Scout Tower
101:23 Scout Tower
101:23 Scout Tower
101:26 Guard Tower
101:27 Guard Tower
101:29 Scout Tower
101:29 Scout Tower
101:29 Scout Tower
101:30 Scout Tower
101:35 Scout Tower
101:35 Scout Tower
101:35 Scout Tower
101:35 Scout Tower
101:36 Scout Tower
101:36 Scout Tower
101:37 Scout Tower
101:37 Scout Tower
101:43 Scout Tower
101:44 Scout Tower
101:44 Scout Tower
101:46 Scout Tower
101:46 Scout Tower
101:47 Scout Tower
101:49 Scout Tower
101:50 Scout Tower
101:53 Guard Tower
101:53 Guard Tower
101:57 Scout Tower
101:58 Scout Tower
101:58 Scout Tower
101:58 Scout Tower
101:58 Scout Tower
101:59 Scout Tower
101:59 Scout Tower
101:59 Scout Tower
102:00 Scout Tower
102:00 Scout Tower
102:00 Scout Tower
102:00 Scout Tower
102:02 Scout Tower
102:02 Scout Tower
102:03 Scout Tower
102:03 Scout Tower
102:03 Scout Tower
102:04 Scout Tower
102:05 Scout Tower
102:05 Scout Tower
102:05 Scout Tower
102:05 Scout Tower
102:09 Guard Tower
102:12 Scout Tower
102:12 Scout Tower
102:13 Scout Tower
102:13 Scout Tower
102:13 Scout Tower
102:15 Scout Tower
102:15 Scout Tower
102:15 Scout Tower
102:18 Guard Tower
102:18 Guard Tower
102:23 Guard Tower
102:23 Guard Tower
102:24 Guard Tower
102:25 Guard Tower
102:25 Guard Tower
102:28 Guard Tower
102:28 Guard Tower
102:30 Scout Tower
102:30 Scout Tower
102:31 Scout Tower
102:31 Scout Tower
102:31 Scout Tower
102:32 Scout Tower
102:39 Guard Tower
102:43 Scout Tower
102:43 Scout Tower
102:43 Scout Tower
102:44 Scout Tower
102:44 Scout Tower
102:45 Scout Tower
102:45 Scout Tower
102:45 Scout Tower
102:55 Guard Tower
102:55 Guard Tower
102:57 Scout Tower
102:58 Scout Tower
102:59 Scout Tower
103:02 Scout Tower
103:03 Scout Tower
103:06 Scout Tower
103:07 Scout Tower
103:07 Scout Tower
103:08 Scout Tower
103:08 Scout Tower
103:08 Scout Tower
103:08 Scout Tower
103:09 Scout Tower
103:09 Scout Tower
103:20 Guard Tower
103:20 Guard Tower
103:22 Guard Tower
103:22 Guard Tower
103:25 Scout Tower
103:25 Scout Tower
103:26 Scout Tower
103:26 Scout Tower
103:27 Scout Tower
103:27 Scout Tower
103:27 Scout Tower
103:28 Scout Tower
103:28 Scout Tower
103:28 Scout Tower
103:29 Scout Tower
103:31 Guard Tower
103:31 Guard Tower
103:32 Guard Tower
103:38 Scout Tower
103:38 Scout Tower
103:39 Scout Tower
103:39 Scout Tower
103:39 Scout Tower
103:39 Scout Tower
103:40 Scout Tower
103:40 Scout Tower
103:40 Scout Tower
103:40 Scout Tower
103:41 Scout Tower
103:41 Scout Tower
103:41 Scout Tower
103:42 Scout Tower
103:42 Scout Tower
103:42 Scout Tower
103:43 Scout Tower
103:44 Scout Tower
103:44 Scout Tower
103:44 Scout Tower
103:47 Guard Tower
103:47 Guard Tower
103:49 Guard Tower
103:49 Guard Tower
103:49 Guard Tower
103:54 Guard Tower
103:54 Guard Tower
103:56 Scout Tower
103:56 Scout Tower
103:56 Scout Tower
103:57 Scout Tower
103:57 Scout Tower
104:00 Scout Tower
104:01 Scout Tower
104:01 Scout Tower
104:01 Scout Tower
104:01 Scout Tower
104:03 Scout Tower
104:03 Scout Tower
104:03 Scout Tower
104:04 Scout Tower
104:04 Scout Tower
104:05 Scout Tower
104:05 Scout Tower
104:05 Scout Tower
104:06 Scout Tower
104:06 Scout Tower
104:06 Scout Tower
104:11 Guard Tower
104:11 Guard Tower
104:12 Guard Tower
104:15 Scout Tower
104:15 Scout Tower
104:15 Scout Tower
104:16 Scout Tower
104:16 Scout Tower
104:16 Scout Tower
104:17 Scout Tower
104:17 Scout Tower
104:17 Scout Tower
104:17 Scout Tower
104:18 Scout Tower
104:18 Scout Tower
104:21 Scout Tower
104:21 Scout Tower
104:21 Scout Tower
104:22 Scout Tower
104:22 Scout Tower
104:22 Scout Tower
104:25 Guard Tower
104:26 Guard Tower
104:26 Guard Tower
104:27 Guard Tower
104:27 Guard Tower
104:30 Scout Tower
104:30 Scout Tower
104:31 Scout Tower
104:31 Scout Tower
104:31 Scout Tower
104:31 Scout Tower
104:32 Scout Tower
104:32 Scout Tower
104:32 Scout Tower
104:50 Guard Tower
104:50 Guard Tower
104:51 Guard Tower
104:55 Guard Tower
104:55 Guard Tower
104:56 Guard Tower
104:57 Guard Tower
104:58 Guard Tower
104:58 Guard Tower
105:01 Guard Tower
105:01 Guard Tower
105:09 Scout Tower
105:09 Scout Tower
105:10 Scout Tower
105:10 Scout Tower
105:10 Scout Tower
105:11 Scout Tower
105:14 Scout Tower
105:15 Scout Tower
105:15 Scout Tower
105:16 Scout Tower
105:17 Scout Tower
105:24 Guard Tower
105:25 Guard Tower
105:25 Guard Tower
105:31 Scout Tower
105:31 Scout Tower
105:31 Scout Tower
105:31 Scout Tower
105:32 Scout Tower
105:35 Scout Tower
105:35 Scout Tower
105:35 Scout Tower
105:36 Scout Tower
105:36 Scout Tower
105:36 Scout Tower
105:36 Scout Tower
105:37 Scout Tower
105:37 Scout Tower
105:37 Scout Tower
105:37 Scout Tower
105:38 Scout Tower
105:38 Scout Tower
105:38 Scout Tower
105:38 Scout Tower
105:39 Scout Tower
105:39 Scout Tower
105:39 Scout Tower
105:39 Scout Tower
105:40 Scout Tower
105:43 Guard Tower
105:43 Guard Tower
105:45 Scout Tower
105:45 Scout Tower
105:45 Scout Tower
105:45 Scout Tower
105:46 Scout Tower
105:46 Scout Tower
105:46 Scout Tower
105:47 Scout Tower
105:47 Scout Tower
105:47 Scout Tower
105:48 Scout Tower
105:48 Scout Tower
105:48 Scout Tower
105:49 Scout Tower
105:49 Scout Tower
105:49 Scout Tower
105:50 Scout Tower
105:50 Scout Tower
105:53 Guard Tower
105:53 Guard Tower
105:53 Guard Tower
105:55 Guard Tower
105:55 Guard Tower
105:55 Guard Tower
105:56 Guard Tower
105:57 Guard Tower
106:02 Scout Tower
106:03 Scout Tower
106:03 Scout Tower
106:03 Scout Tower
106:03 Scout Tower
106:04 Scout Tower
106:04 Scout Tower
106:04 Scout Tower
106:05 Scout Tower
106:05 Scout Tower
106:05 Scout Tower
106:05 Scout Tower
106:06 Scout Tower
106:06 Scout Tower
106:06 Scout Tower
106:06 Scout Tower
106:07 Scout Tower
106:07 Scout Tower
106:07 Scout Tower
106:07 Scout Tower
106:08 Scout Tower
106:08 Scout Tower
106:08 Scout Tower
106:08 Scout Tower
106:09 Scout Tower
106:11 Guard Tower
106:11 Guard Tower
106:12 Guard Tower
106:14 Scout Tower
106:14 Scout Tower
106:14 Scout Tower
106:14 Scout Tower
106:15 Scout Tower
106:15 Scout Tower
106:19 Guard Tower
106:20 Guard Tower
106:25 Scout Tower
106:25 Scout Tower
106:25 Scout Tower
106:26 Scout Tower
106:26 Scout Tower
106:26 Scout Tower
106:26 Scout Tower
106:27 Scout Tower
106:27 Scout Tower
106:27 Scout Tower
106:27 Scout Tower
106:28 Scout Tower
106:28 Scout Tower
106:28 Scout Tower
106:28 Scout Tower
106:29 Scout Tower
106:29 Scout Tower
106:29 Scout Tower
106:29 Scout Tower
106:30 Scout Tower
106:30 Scout Tower
106:30 Scout Tower
106:31 Scout Tower
106:31 Scout Tower
106:31 Scout Tower
106:31 Scout Tower
106:32 Scout Tower
106:32 Scout Tower
106:32 Scout Tower
106:32 Scout Tower
106:33 Scout Tower
106:33 Scout Tower
106:33 Scout Tower
106:34 Scout Tower
106:34 Scout Tower
106:35 Scout Tower
106:41 Scout Tower
106:41 Scout Tower
106:42 Scout Tower
106:42 Scout Tower
106:42 Scout Tower
106:43 Scout Tower
106:43 Scout Tower
106:43 Scout Tower
106:43 Scout Tower
106:44 Scout Tower
106:44 Scout Tower
106:44 Scout Tower
106:45 Scout Tower
106:45 Scout Tower
106:45 Scout Tower
106:45 Scout Tower
106:46 Scout Tower
106:46 Scout Tower
106:46 Scout Tower
106:50 Guard Tower
106:50 Guard Tower
106:51 Guard Tower
106:51 Guard Tower
106:52 Guard Tower
106:55 Scout Tower
106:55 Scout Tower
106:55 Scout Tower
106:55 Scout Tower
106:56 Scout Tower
106:56 Scout Tower
106:56 Scout Tower
106:56 Scout Tower
106:57 Scout Tower
106:57 Scout Tower
106:57 Scout Tower
106:57 Scout Tower
106:58 Scout Tower
106:58 Scout Tower
106:58 Scout Tower
106:58 Scout Tower
106:59 Scout Tower
106:59 Scout Tower
106:59 Scout Tower
106:59 Scout Tower
107:00 Scout Tower
107:03 Scout Tower
107:03 Scout Tower
107:04 Scout Tower
107:04 Scout Tower
107:04 Scout Tower
107:04 Scout Tower
107:05 Scout Tower
107:05 Scout Tower
107:05 Scout Tower
107:05 Scout Tower
107:06 Scout Tower
107:06 Scout Tower
107:06 Scout Tower
107:07 Scout Tower
107:07 Scout Tower
107:12 Scout Tower
107:12 Scout Tower
107:12 Scout Tower
107:13 Scout Tower
107:13 Scout Tower
107:13 Scout Tower
107:14 Scout Tower
107:14 Scout Tower
107:14 Scout Tower
107:14 Scout Tower
107:15 Scout Tower
107:15 Scout Tower
107:15 Scout Tower
107:15 Scout Tower
107:16 Scout Tower
107:16 Scout Tower
107:16 Scout Tower
107:17 Scout Tower
107:17 Scout Tower
107:17 Scout Tower
107:17 Scout Tower
107:18 Scout Tower
107:18 Scout Tower
107:19 Scout Tower
107:20 Scout Tower
107:20 Scout Tower
107:20 Scout Tower
107:22 Scout Tower
107:22 Scout Tower
107:23 Scout Tower
107:23 Scout Tower
107:23 Scout Tower
107:23 Scout Tower
107:24 Scout Tower
107:24 Scout Tower
107:25 Scout Tower
107:25 Scout Tower
107:25 Scout Tower
107:25 Scout Tower
107:26 Scout Tower
107:26 Scout Tower
107:27 Scout Tower
107:27 Scout Tower
107:27 Scout Tower
107:28 Scout Tower
107:28 Scout Tower
107:32 Guard Tower
107:33 Guard Tower
107:34 Scout Tower
107:34 Scout Tower
107:35 Scout Tower
107:35 Scout Tower
107:35 Scout Tower
107:36 Scout Tower
107:36 Scout Tower
107:37 Scout Tower
107:37 Scout Tower
107:37 Scout Tower
107:39 Scout Tower
107:39 Scout Tower
107:40 Scout Tower
107:40 Scout Tower
107:44 Scout Tower
107:45 Scout Tower
107:45 Scout Tower
107:45 Scout Tower
107:45 Scout Tower
107:46 Scout Tower
107:46 Scout Tower
107:46 Scout Tower
107:47 Scout Tower
107:47 Scout Tower
107:48 Scout Tower
107:48 Scout Tower
107:48 Scout Tower
107:49 Scout Tower
107:49 Scout Tower
107:49 Scout Tower
107:50 Scout Tower
107:50 Scout Tower
107:50 Scout Tower
107:50 Scout Tower
107:51 Scout Tower
107:52 Scout Tower
107:52 Scout Tower
107:53 Scout Tower
107:53 Scout Tower
107:57 Guard Tower
107:57 Guard Tower
107:58 Guard Tower
108:03 Scout Tower
108:03 Scout Tower
108:03 Scout Tower
108:04 Scout Tower
108:05 Scout Tower
108:05 Scout Tower
108:05 Scout Tower
108:05 Scout Tower
108:06 Scout Tower
108:06 Scout Tower
108:06 Scout Tower
108:07 Scout Tower
108:07 Scout Tower
108:08 Scout Tower
108:08 Scout Tower
108:08 Scout Tower
108:08 Scout Tower
108:09 Scout Tower
108:10 Guard Tower
108:11 Guard Tower
108:12 Guard Tower
108:12 Guard Tower
108:12 Guard Tower
108:15 Guard Tower
108:15 Guard Tower
108:20 Scout Tower
108:20 Scout Tower
108:20 Scout Tower
108:20 Scout Tower
108:21 Scout Tower
108:21 Scout Tower
108:21 Scout Tower
108:22 Scout Tower
108:22 Scout Tower
108:22 Scout Tower
108:22 Scout Tower
108:23 Scout Tower
108:23 Scout Tower
108:23 Scout Tower
108:24 Scout Tower
108:24 Scout Tower
108:24 Scout Tower
108:24 Scout Tower
108:25 Scout Tower
108:25 Scout Tower
108:25 Scout Tower
108:26 Scout Tower
108:26 Scout Tower
108:26 Scout Tower
108:27 Scout Tower
108:27 Scout Tower
108:27 Scout Tower
108:28 Scout Tower
108:28 Scout Tower
108:31 Guard Tower
108:31 Guard Tower
108:32 Scout Tower
108:33 Scout Tower
108:33 Scout Tower
108:33 Scout Tower
108:33 Scout Tower
108:34 Scout Tower
108:34 Scout Tower
108:34 Scout Tower
108:35 Scout Tower
108:35 Scout Tower
108:35 Scout Tower
108:35 Scout Tower
108:38 Guard Tower
108:38 Guard Tower
108:52 Scout Tower
108:52 Scout Tower
108:52 Scout Tower
108:52 Scout Tower
108:53 Scout Tower
108:53 Scout Tower
108:54 Scout Tower
108:54 Scout Tower
108:54 Scout Tower
108:54 Scout Tower
108:58 Scout Tower
108:58 Scout Tower
108:58 Scout Tower
108:59 Scout Tower
108:59 Scout Tower
108:59 Scout Tower
108:59 Scout Tower
109:00 Scout Tower
109:00 Scout Tower
109:00 Scout Tower
109:00 Scout Tower
109:01 Scout Tower
109:01 Scout Tower
109:01 Scout Tower
109:02 Scout Tower
109:02 Scout Tower
109:02 Scout Tower
109:02 Scout Tower
109:03 Scout Tower
109:03 Scout Tower
109:03 Scout Tower
109:03 Scout Tower
109:04 Scout Tower
109:04 Scout Tower
109:04 Scout Tower
109:04 Scout Tower
109:05 Scout Tower
109:05 Scout Tower
109:05 Scout Tower
109:05 Scout Tower
109:06 Scout Tower
109:07 Scout Tower
109:07 Scout Tower
109:08 Scout Tower
109:08 Scout Tower
109:08 Scout Tower
109:08 Scout Tower
109:09 Scout Tower
109:09 Scout Tower
109:09 Scout Tower
109:10 Scout Tower
109:10 Scout Tower
109:10 Scout Tower
109:14 Guard Tower
109:15 Guard Tower
109:15 Guard Tower
109:18 Scout Tower
109:18 Scout Tower
109:18 Scout Tower
109:18 Scout Tower
109:19 Scout Tower
109:19 Scout Tower
109:19 Scout Tower
109:20 Scout Tower
109:22 Guard Tower
109:23 Guard Tower
109:23 Guard Tower
109:25 Guard Tower
109:25 Guard Tower
109:28 Scout Tower
109:29 Scout Tower
109:29 Scout Tower
109:29 Scout Tower
109:29 Scout Tower
109:30 Scout Tower
109:30 Scout Tower
109:30 Scout Tower
109:30 Scout Tower
109:31 Scout Tower
109:31 Scout Tower
109:31 Scout Tower
109:31 Scout Tower
109:32 Scout Tower
109:32 Scout Tower
109:33 Scout Tower
109:33 Scout Tower
109:33 Scout Tower
109:33 Scout Tower
109:34 Scout Tower
109:34 Scout Tower
109:34 Scout Tower
109:35 Scout Tower
109:35 Scout Tower
109:35 Scout Tower
109:35 Scout Tower
109:36 Scout Tower
109:37 Scout Tower
109:38 Scout Tower
109:38 Scout Tower
109:38 Scout Tower
109:38 Scout Tower
109:39 Scout Tower
109:39 Scout Tower
109:39 Scout Tower
109:40 Scout Tower
109:40 Scout Tower
109:40 Scout Tower
109:40 Scout Tower
109:41 Scout Tower
109:41 Scout Tower
109:41 Scout Tower
109:41 Scout Tower
109:42 Scout Tower
109:42 Scout Tower
109:42 Scout Tower
109:43 Scout Tower
109:50 Guard Tower
109:52 Guard Tower
109:52 Guard Tower
109:54 Scout Tower
109:55 Scout Tower
109:55 Scout Tower
109:55 Scout Tower
109:55 Scout Tower
109:56 Scout Tower
109:56 Scout Tower
109:56 Scout Tower
109:56 Scout Tower
109:57 Scout Tower
109:57 Scout Tower
109:57 Scout Tower
109:57 Scout Tower
109:58 Scout Tower
109:58 Scout Tower
109:59 Guard Tower
110:00 Guard Tower
110:04 Guard Tower
110:04 Guard Tower
110:10 Scout Tower
110:10 Scout Tower
110:10 Scout Tower
110:10 Scout Tower
110:11 Scout Tower
110:11 Scout Tower
110:11 Scout Tower
110:12 Scout Tower
110:12 Scout Tower
110:12 Scout Tower
110:13 Scout Tower
110:13 Scout Tower
110:13 Scout Tower
110:15 Guard Tower
110:15 Guard Tower
110:16 Guard Tower
110:24 Guard Tower
110:24 Guard Tower
110:28 Guard Tower
110:28 Guard Tower
110:28 Guard Tower
110:29 Guard Tower
110:30 Guard Tower
110:30 Guard Tower
110:31 Guard Tower
110:32 Guard Tower
110:32 Guard Tower
110:36 Guard Tower
110:36 Guard Tower
110:38 Guard Tower
110:41 Scout Tower
110:41 Scout Tower
110:42 Scout Tower
110:42 Scout Tower
110:42 Scout Tower
110:42 Scout Tower
110:43 Scout Tower
110:43 Scout Tower
110:43 Scout Tower
110:43 Scout Tower
110:44 Scout Tower
110:44 Scout Tower
110:44 Scout Tower
110:45 Scout Tower
110:45 Scout Tower
110:45 Scout Tower
110:46 Scout Tower
110:46 Scout Tower
110:49 Scout Tower
110:49 Scout Tower
110:49 Scout Tower
110:50 Scout Tower
110:50 Scout Tower
110:50 Scout Tower
110:50 Scout Tower
110:51 Scout Tower
110:52 Scout Tower
110:52 Scout Tower
110:52 Scout Tower
110:52 Scout Tower
110:53 Scout Tower
110:53 Scout Tower
110:54 Scout Tower
110:54 Scout Tower
110:57 Guard Tower
110:58 Scout Tower
110:59 Scout Tower
110:59 Scout Tower
110:59 Scout Tower
110:59 Scout Tower
111:00 Scout Tower
111:00 Scout Tower
111:00 Scout Tower
111:01 Scout Tower
111:02 Scout Tower
111:02 Scout Tower
111:02 Scout Tower
111:05 Guard Tower
111:06 Guard Tower
111:08 Scout Tower
111:09 Scout Tower
111:09 Scout Tower
111:18 Guard Tower
111:24 Guard Tower
111:25 Guard Tower
111:25 Guard Tower
111:37 Guard Tower
111:37 Guard Tower
111:38 Guard Tower
111:39 Guard Tower
111:39 Guard Tower
111:39 Guard Tower
111:52 Scout Tower
111:52 Scout Tower
111:53 Scout Tower
111:53 Scout Tower
111:53 Scout Tower
111:54 Scout Tower
111:54 Scout Tower
111:55 Scout Tower
111:55 Scout Tower
111:56 Scout Tower
111:56 Scout Tower
112:00 Guard Tower
112:01 Guard Tower
112:01 Guard Tower
112:03 Guard Tower
112:03 Guard Tower
112:06 Scout Tower
112:06 Scout Tower
112:07 Scout Tower
112:07 Scout Tower
112:08 Scout Tower
112:08 Scout Tower
112:09 Scout Tower
112:09 Scout Tower
112:10 Scout Tower
112:10 Scout Tower
112:12 Scout Tower
112:13 Scout Tower
112:19 Guard Tower
112:20 Guard Tower
112:23 Scout Tower
112:23 Scout Tower
112:24 Scout Tower
112:24 Scout Tower
112:25 Scout Tower
112:25 Scout Tower
112:26 Scout Tower
112:28 Scout Tower
112:29 Scout Tower
112:30 Scout Tower
112:31 Scout Tower
112:32 Scout Tower
112:32 Scout Tower
112:36 Guard Tower
112:37 Guard Tower
112:39 Guard Tower
112:39 Guard Tower
112:44 Scout Tower
112:44 Scout Tower
112:45 Scout Tower
112:45 Scout Tower
112:45 Scout Tower
112:46 Scout Tower
112:46 Scout Tower
112:47 Scout Tower
112:52 Guard Tower
112:53 Guard Tower
112:54 Scout Tower
112:55 Scout Tower
112:55 Scout Tower
112:56 Scout Tower
112:56 Scout Tower
112:57 Scout Tower
112:58 Scout Tower
112:58 Scout Tower
112:59 Scout Tower
112:59 Scout Tower
113:02 Guard Tower
113:03 Guard Tower
113:05 Scout Tower
113:05 Scout Tower
113:06 Scout Tower
113:06 Scout Tower
113:07 Scout Tower
113:07 Scout Tower
113:09 Scout Tower
113:10 Scout Tower
113:10 Scout Tower
113:11 Scout Tower
113:12 Scout Tower
113:12 Scout Tower
113:13 Scout Tower
113:16 Guard Tower
113:16 Guard Tower
113:21 Guard Tower
113:22 Guard Tower
113:25 Guard Tower
113:26 Guard Tower
113:26 Guard Tower
113:32 Scout Tower
113:32 Scout Tower
113:33 Scout Tower
113:33 Scout Tower
113:33 Scout Tower
113:34 Scout Tower
113:34 Scout Tower
113:41 Scout Tower
113:41 Scout Tower
113:42 Scout Tower
113:42 Scout Tower
113:44 Scout Tower
113:44 Scout Tower
113:45 Scout Tower
113:45 Scout Tower
113:46 Scout Tower
113:46 Scout Tower
113:47 Scout Tower
113:47 Scout Tower
113:48 Scout Tower
113:48 Scout Tower
113:49 Scout Tower
113:50 Scout Tower
113:50 Scout Tower
113:51 Scout Tower
113:51 Scout Tower
113:52 Scout Tower
113:52 Scout Tower
113:53 Scout Tower
113:54 Scout Tower
113:54 Scout Tower
113:55 Scout Tower
113:55 Scout Tower
113:56 Scout Tower
113:57 Scout Tower
113:57 Scout Tower
114:03 Guard Tower
114:04 Guard Tower
114:17 Scout Tower
114:18 Scout Tower
114:18 Scout Tower
114:19 Scout Tower
114:21 Scout Tower
114:22 Scout Tower
114:22 Scout Tower
114:23 Scout Tower
114:28 Guard Tower
114:29 Guard Tower
114:34 Scout Tower
114:41 Guard Tower
114:41 Guard Tower
114:46 Guard Tower
114:46 Guard Tower
114:46 Guard Tower
114:51 Guard Tower
114:51 Guard Tower
114:53 Guard Tower
115:11 Guard Tower
115:12 Guard Tower
115:14 Guard Tower
115:15 Guard Tower
115:19 Guard Tower
115:36 Guard Tower
115:37 Guard Tower
115:45 Scout Tower
115:45 Scout Tower
115:46 Scout Tower
115:46 Scout Tower
115:46 Scout Tower
115:47 Scout Tower
115:47 Scout Tower
115:47 Scout Tower
115:48 Scout Tower
115:48 Scout Tower
115:48 Scout Tower
115:49 Scout Tower
115:49 Scout Tower
115:49 Scout Tower
115:50 Scout Tower
115:50 Scout Tower
115:52 Scout Tower
115:53 Scout Tower
115:53 Scout Tower
115:53 Scout Tower
115:54 Scout Tower
115:54 Scout Tower
115:55 Scout Tower
115:55 Scout Tower
115:55 Scout Tower
115:56 Scout Tower
115:56 Scout Tower
115:56 Scout Tower
115:57 Scout Tower
115:57 Scout Tower
115:57 Scout Tower
highper.ch (
pink | 36 APM | 4167 actions | 116:09)
7 Naga Sea Witch
3 Frost Arrows
3 Forked Lightning
1 Tornado
» actions
| Assign group hotkey | 4 | |
| Basic commands | 67 | |
| Build / train | 156 | |
| ESC pressed | 26 | |
| Enter build submenu | 20 | |
| Enter hero's abilities submenu | 7 | |
| Give item / drop item | 6 | |
| Right click | 2671 | |
| Select / deselect | 377 | |
| Select group hotkey | 554 | |
| Use ability | 279 | |
4167 total
» units
» upgrades
| Nature's Blessing | 1 | |
| Ultravision | 1 | |
| Well Spring | 1 | |
3 total
» buildings
| Altar of Elders | 2 | |
| Moon Well | 23 | |
| Tree of Life | 3 | |
| Tree of Ages | 1 | |
| Tree of Eternity | 1 | |
| Hunter's Hall | 1 | |
31 total
» build order
00:13 Altar of Elders
00:16 Moon Well
00:51 Moon Well
03:44 Tree of Life
05:36 Moon Well
05:37 Moon Well
06:39 Tree of Ages
12:09 Tree of Eternity
12:12 Hunter's Hall
24:12 Moon Well
24:14 Moon Well
24:15 Moon Well
24:16 Moon Well
24:17 Moon Well
24:18 Moon Well
24:19 Moon Well
24:19 Moon Well
24:20 Moon Well
24:28 Moon Well
24:29 Moon Well
31:25 Moon Well
31:28 Moon Well
42:39 Altar of Elders
49:22 Moon Well
49:23 Moon Well
60:18 Moon Well
60:20 Moon Well
60:22 Moon Well
60:24 Moon Well
91:10 Tree of Life
91:14 Tree of Life
» items
| Lesser Clarity Potion | 4 | |
| Healing Salve | 1 | |
| Sobi Mask | 2 | |
| Alleria's Flute of Accuracy | 1 | |
| Book of the Dead | 1 | |
| Robe of the Magi +6 | 3 | |
| Boots of Quel'Thalas +6 | 1 | |
| Belt of Giant Strength +6 | 1 | |
| Ankh of Reincarnation | 1 | |
15 total
timg4strok (
yellow | 78 APM | 9021 actions | 116:09)
10 Tauren Chieftain
3 Shockwave
3 Endurance Aura
1 Reincarnation
3 War Stomp
9 Pandaren Brewmaster
3 Breath of Fire
3 Drunken Brawler
1 Storm Earth and Fire
2 Drunken Haze
» actions
| Assign group hotkey | 614 | |
| Basic commands | 11 | |
| Build / train | 138 | |
| ESC pressed | 1 | |
| Enter build submenu | 91 | |
| Enter hero's abilities submenu | 21 | |
| Give item / drop item | 3 | |
| Remove unit from queue | 9 | |
| Right click | 5245 | |
| Select / deselect | 1112 | |
| Select group hotkey | 1147 | |
| Use ability | 622 | |
9021 total
» units
| Peon | 31 | |
| Troll Batrider | 31 | |
| Forest Troll Shadow Priest | 1 | |
| Mud Golem | 1 | |
64 total
» upgrades
| Spiked Barricades | 3 | |
| Reinforced Defenses | 1 | |
| Liquid Fire | 1 | |
| Ranged Weapons | 1 | |
| Armor | 1 | |
7 total
» buildings
| Altar of Storms | 1 | |
| Orc Burrow | 7 | |
| War Mill | 1 | |
| Watch Tower | 77 | |
| Voodoo Lounge | 1 | |
| Stronghold | 3 | |
| Beastiary | 5 | |
| Fortress | 5 | |
| Great Hall | 3 | |
103 total
» build order
00:06 Altar of Storms
00:19 Orc Burrow
00:33 War Mill
01:52 Watch Tower
02:15 Watch Tower
02:36 Orc Burrow
03:22 Watch Tower
03:24 Watch Tower
03:27 Watch Tower
03:55 Watch Tower
04:18 Voodoo Lounge
04:27 Watch Tower
04:35 Watch Tower
04:57 Watch Tower
05:16 Stronghold
05:17 Stronghold
05:28 Watch Tower
05:43 Watch Tower
06:24 Watch Tower
06:24 Watch Tower
06:30 Watch Tower
06:35 Watch Tower
06:41 Orc Burrow
06:43 Orc Burrow
06:53 Watch Tower
07:22 Watch Tower
07:35 Watch Tower
07:46 Watch Tower
07:54 Watch Tower
08:31 Watch Tower
08:56 Watch Tower
09:08 Watch Tower
09:09 Watch Tower
09:10 Watch Tower
09:12 Watch Tower
09:23 Beastiary
09:34 Watch Tower
09:36 Watch Tower
09:52 Beastiary
10:02 Watch Tower
10:53 Fortress
10:53 Fortress
10:53 Fortress
11:59 Watch Tower
12:00 Watch Tower
12:07 Great Hall
12:14 Beastiary
12:17 Watch Tower
12:17 Watch Tower
12:38 Watch Tower
12:39 Watch Tower
13:07 Watch Tower
13:08 Watch Tower
13:59 Watch Tower
13:59 Watch Tower
14:51 Watch Tower
15:48 Watch Tower
16:04 Watch Tower
16:48 Orc Burrow
16:49 Orc Burrow
17:12 Watch Tower
17:13 Watch Tower
17:14 Watch Tower
17:15 Watch Tower
18:26 Beastiary
18:28 Beastiary
22:46 Watch Tower
22:47 Watch Tower
23:06 Watch Tower
23:06 Watch Tower
23:08 Watch Tower
23:08 Watch Tower
23:09 Watch Tower
23:10 Watch Tower
25:30 Watch Tower
25:30 Watch Tower
25:33 Watch Tower
26:24 Watch Tower
26:25 Watch Tower
27:31 Watch Tower
27:32 Watch Tower
27:38 Watch Tower
27:40 Watch Tower
28:59 Watch Tower
29:00 Watch Tower
29:00 Watch Tower
30:12 Watch Tower
30:13 Watch Tower
30:14 Watch Tower
30:15 Watch Tower
30:16 Watch Tower
30:17 Watch Tower
30:17 Watch Tower
33:56 Watch Tower
33:56 Watch Tower
33:57 Watch Tower
33:59 Watch Tower
38:43 Orc Burrow
84:15 Great Hall
93:08 Great Hall
» items
| Lesser Clarity Potion | 3 | |
| Healing Salve | 5 | |
| Orb of Lightning | 2 | |
| Scroll of Town Portal | 4 | |
| Mana Stone | 3 | |
| Staff of Sanctuary | 2 | |
| Sobi Mask | 1 | |
| Inferno Stone | 1 | |
| Robe of the Magi +6 | 3 | |
24 total
team 2 (loser)
farou_Corps (
red | 28 APM | 2133 actions | 77:09)
6 Keeper of the Grove
3 Entangling Roots
2 Thorns Aura
1 Force of Nature
3 Priestess of the Moon
2 Trueshot Aura
1 Searing Arrows
» actions
| Assign group hotkey | 8 | |
| Build / train | 129 | |
| Enter build submenu | 23 | |
| Enter hero's abilities submenu | 9 | |
| Remove unit from queue | 11 | |
| Right click | 1181 | |
| Select / deselect | 638 | |
| Select group hotkey | 48 | |
| Use ability | 86 | |
2133 total
» units
| Wisp | 19 | |
| Chimaera | 15 | |
| Druid of the Talon | 4 | |
| Glaive Thrower | 49 | |
| Forest Troll Shadow Priest | 3 | |
| Hippogryph | 5 | |
95 total
» upgrades
| Corrosive Breath | 1 | |
| Well Spring | 1 | |
| Strength of the Wild | 3 | |
| Reinforced Hides | 3 | |
| Vorpal Blades | 1 | |
9 total
» buildings
| Altar of Elders | 1 | |
| Moon Well | 9 | |
| Tree of Ages | 2 | |
| Hunter's Hall | 1 | |
| Tree of Eternity | 1 | |
| Ancient of Wind | 1 | |
| Chimaera Roost | 2 | |
| Ancient of War | 2 | |
| Tree of Life | 3 | |
22 total
» build order
00:17 Altar of Elders
00:22 Moon Well
01:54 Moon Well
02:17 Tree of Ages
02:54 Moon Well
03:50 Moon Well
04:01 Hunter's Hall
04:38 Tree of Eternity
04:44 Ancient of Wind
04:47 Moon Well
05:47 Moon Well
06:39 Moon Well
07:04 Chimaera Roost
07:07 Chimaera Roost
07:33 Moon Well
08:28 Moon Well
30:08 Ancient of War
35:43 Tree of Life
42:30 Tree of Life
45:37 Tree of Ages
50:36 Ancient of War
62:47 Tree of Life
NaBz.corps (
blue | 49 APM | 5704 actions | 116:09)
6 Priestess of the Moon
2 Searing Arrows
3 Trueshot Aura
1 Starfall
4 Warden
2 Shadow Strike
2 Fan of Knives
» actions
| Assign group hotkey | 44 | |
| Basic commands | 15 | |
| Build / train | 115 | |
| Enter build submenu | 26 | |
| Enter hero's abilities submenu | 12 | |
| Remove unit from queue | 2 | |
| Right click | 3095 | |
| Select / deselect | 580 | |
| Select group hotkey | 1721 | |
| Use ability | 94 | |
5704 total
» units
| Wisp | 31 | |
| Archer | 13 | |
| Druid of the Claw | 8 | |
| Dryad | 25 | |
77 total
» upgrades
| Strength of the Moon | 3 | |
| Improved Bows | 1 | |
| Druid of the Claw Training | 2 | |
| Marksmanship | 1 | |
| Strength of the Wild | 3 | |
| Reinforced Hides | 3 | |
| Mark of the Claw | 1 | |
| Moon Armor | 2 | |
| Abolish Magic | 1 | |
17 total
» buildings
| Altar of Elders | 1 | |
| Moon Well | 10 | |
| Ancient of War | 3 | |
| Hunter's Hall | 1 | |
| Tree of Ages | 1 | |
| Tree of Eternity | 1 | |
| Ancient of Lore | 2 | |
| Tree of Life | 3 | |
| Ancient Protector | 4 | |
26 total
» build order
00:04 Altar of Elders
00:21 Moon Well
01:35 Ancient of War
01:58 Moon Well
02:16 Ancient of War
02:51 Hunter's Hall
04:10 Moon Well
04:48 Tree of Ages
05:59 Moon Well
07:26 Tree of Eternity
07:29 Ancient of Lore
09:11 Ancient of Lore
12:04 Moon Well
12:06 Moon Well
14:56 Moon Well
16:59 Moon Well
17:00 Moon Well
21:48 Moon Well
30:35 Tree of Life
42:51 Ancient of War
43:15 Tree of Life
47:53 Ancient Protector
47:58 Ancient Protector
48:00 Ancient Protector
48:02 Ancient Protector
60:00 Tree of Life
» items
| Ankh of Reincarnation | 1 | |
| The Lion Horn of Stormwind | 1 | |
2 total
Shoto.Corps (
green | 49 APM | 3845 actions | 78:24)
6 Far Seer
3 Feral Spirit
2 Chain Lighting
1 Earth Quake
5 Shadow Hunter
3 Healing Wave
2 Serpent Ward
» actions
| Assign group hotkey | 64 | |
| Basic commands | 75 | |
| Build / train | 134 | |
| ESC pressed | 6 | |
| Enter build submenu | 61 | |
| Enter hero's abilities submenu | 12 | |
| Remove unit from queue | 1 | |
| Right click | 1947 | |
| Select / deselect | 846 | |
| Select group hotkey | 489 | |
| Use ability | 210 | |
3845 total
» units
| Peon | 18 | |
| Grunt | 10 | |
| Demolisher | 24 | |
| Raider | 27 | |
| Tauren | 8 | |
| Shaman | 6 | |
| Spirit Walker | 2 | |
95 total
» upgrades
| Armor | 3 | |
| Berserker Strength | 1 | |
| Ensnare | 1 | |
| Burning Oil | 1 | |
| Pillage | 1 | |
| Pulverize | 1 | |
| Shaman Training | 2 | |
| Spirit Walker Training | 2 | |
| Melee Weapons | 2 | |
| Reinforced Defenses | 1 | |
| Ranged Weapons | 3 | |
18 total
» buildings
| Altar of Storms | 1 | |
| Orc Burrow | 8 | |
| Barracks | 1 | |
| War Mill | 1 | |
| Stronghold | 2 | |
| Voodoo Lounge | 1 | |
| Fortress | 2 | |
| Beastiary | 1 | |
| Great Hall | 5 | |
| Tauren Totem | 2 | |
| Spirit Lodge | 2 | |
| Watch Tower | 23 | |
49 total
» build order
00:11 Altar of Storms
00:26 Orc Burrow
01:03 Barracks
01:39 Orc Burrow
02:01 War Mill
03:54 Stronghold
04:34 Voodoo Lounge
06:39 Fortress
06:50 Beastiary
06:53 Orc Burrow
07:46 Orc Burrow
07:47 Orc Burrow
09:48 Orc Burrow
14:28 Great Hall
15:35 Tauren Totem
15:42 Tauren Totem
16:03 Spirit Lodge
16:08 Spirit Lodge
30:55 Great Hall
33:04 Great Hall
33:12 Great Hall
33:21 Watch Tower
33:24 Watch Tower
33:27 Watch Tower
33:57 Orc Burrow
34:02 Orc Burrow
34:26 Watch Tower
34:28 Watch Tower
34:34 Watch Tower
35:39 Watch Tower
37:17 Watch Tower
37:19 Watch Tower
37:24 Watch Tower
37:28 Watch Tower
38:18 Watch Tower
38:30 Watch Tower
38:32 Watch Tower
38:34 Watch Tower
39:09 Watch Tower
39:12 Watch Tower
39:39 Watch Tower
39:52 Watch Tower
42:45 Watch Tower
42:50 Watch Tower
43:57 Watch Tower
52:34 Great Hall
53:16 Watch Tower
57:11 Stronghold
62:13 Fortress
» items
| Healing Salve | 1 | |
| Lesser Clarity Potion | 1 | |
| Scroll of Speed | 1 | |
3 total
Waves.Corp (
purple | 88 APM | 6766 actions | 77:01)
9 Death Knight
3 Death Coil
3 Unholy Aura
1 Animate Dead
2 Death Pact
9 Lich
3 Frost Nova
3 Dark Ritual
1 Death and Decay
2 Frost Armor
» actions
| Assign group hotkey | 251 | |
| Basic commands | 12 | |
| Build / train | 122 | |
| Enter build submenu | 24 | |
| Enter hero's abilities submenu | 19 | |
| Give item / drop item | 7 | |
| Remove unit from queue | 11 | |
| Right click | 3108 | |
| Select / deselect | 1654 | |
| Select group hotkey | 1206 | |
| Use ability | 351 | |
6766 total
» units
| Acolyte | 12 | |
| Ghoul | 4 | |
| Crypt Fiend | 11 | |
| Forest Troll Shadow Priest | 1 | |
| Obsidian Statue | 5 | |
| Gargoyle | 6 | |
| Goblin Zeppelin | 1 | |
| Meatwagon | 18 | |
| Abomination | 2 | |
60 total
» upgrades
| Creature Attack | 3 | |
| Creature Carapace | 3 | |
| Web | 1 | |
| Destroyer Form | 1 | |
| Unholy Armor | 3 | |
| Unholy Strength | 3 | |
| Disease Cloud | 1 | |
| Burrow | 1 | |
16 total
» buildings
| Crypt | 3 | |
| Graveyard | 1 | |
| Ziggurat | 9 | |
| Altar of Darkness | 1 | |
| Tomb of Relics | 1 | |
| Spirit Tower | 1 | |
| Halls of the Dead | 1 | |
| Black Citadel | 1 | |
| Slaughterhouse | 4 | |
| Necropolis | 1 | |
23 total
» build order
00:06 Crypt
00:19 Graveyard
00:36 Ziggurat
00:47 Altar of Darkness
01:53 Ziggurat
02:01 Tomb of Relics
03:49 Spirit Tower
05:53 Halls of the Dead
06:22 Ziggurat
07:16 Ziggurat
08:28 Black Citadel
08:29 Slaughterhouse
08:31 Slaughterhouse
09:12 Slaughterhouse
11:09 Crypt
11:09 Crypt
12:26 Ziggurat
12:26 Ziggurat
13:50 Ziggurat
13:51 Ziggurat
15:58 Necropolis
28:48 Ziggurat
57:55 Slaughterhouse
» items
| Rod of Necromancy | 1 | |
| Dust of Appearance | 1 | |
| Potion of Healing | 4 | |
| Orb of Corruption | 2 | |
| Scroll of Town Portal | 1 | |
| Potion of Mana | 3 | |
| Scroll of Healing | 1 | |
13 total
Chat log
(00:36 / Allies) timg4strok: how bout u
(00:39 / Allies) timg4strok: me & blinn
(00:49 / Allies) timg4strok: having fun, trying 2 win
(01:01 / Allies) timg4strok: heh heh
(01:28 / Allies) Goodmanners: wtt
(01:34 / Allies) timg4strok: do you think that's the kinda thing that you might be into?
(01:51 / Allies) Goodmanners: yeah
(01:54 / Allies) Goodmanners: that was actually pretty funny
(02:04 / Allies) timg4strok: saw advertz but nevaseen
(02:22 / Allies) Goodmanners: idk about funnier than office
(02:47 / Allies) Goodmanners: done and doner
(03:02 / Allies) Goodmanners: det dogs
(03:12 / Allies) timg4strok: 5 aco tour
(03:45 / Allies) timg4strok: yo don't worry bear
(03:46 / Allies) timg4strok: i got all 5 acos
(04:45 / Allies) timg4strok: i don't know if bear_and's seen you but maybe we could double team you
(04:57 / Allies) Goodmanners: need resources
(05:04 / Allies) Goodmanners: of all shapes & colors
(05:14 / Allies) BEAR_AND: creepjackin at the fountain, a storm bolt from the king of the mountains
(05:34 / Allies) timg4strok: i feel a song comin on with this topic
(07:31 / Allies) Goodmanners: share
(08:10 / Allies) Goodmanners: gold
(08:36 / Allies) timg4strok: lemme grab P
(09:55 / Allies) timg4strok: yes
(09:56 / Allies) timg4strok: i'm going
(09:57 / Allies) timg4strok: jeez
(10:14 / Allies) timg4strok: deez bitchez have outha plans
(10:49 / Allies) timg4strok: what the fuck
(11:40 / Allies) timg4strok: heh heh he h
(11:41 / Allies) timg4strok: my expo
(11:42 / Allies) timg4strok: my tome
(11:58 / Allies) Goodmanners: need gould
(12:06 / Allies) BEAR_AND: jan levinson gould
(12:20 / Allies) timg4strok: lemme heal
(13:51 / Allies) Goodmanners: want me to send a team
(13:56 / Allies) Goodmanners: chims spotted
(14:12 / Allies) timg4strok: any lum up 4 grabs?
(14:23 / Allies) timg4strok: thank u
(14:59 / Allies) timg4strok: crept already
(15:05 / Allies) Goodmanners: do we have enough aa?
(15:09 / Allies) timg4strok: getting some now
(15:11 / Allies) timg4strok: need gauld if you have
(16:13 / Allies) timg4strok: thanks i'm good 4 a while mata
(16:22 / Allies) timg4strok: er tim i mean
(16:33 / Allies) Goodmanners: need gold
(16:44 / Allies) timg4strok: holy shit
(16:51 / Allies) timg4strok: gimme gold
(16:53 / Allies) timg4strok: so I can go 80
(17:33 / Allies) timg4strok: that sucks
(18:25 / Allies) timg4strok: need more everything
(19:07 / Allies) timg4strok: nghaughghgh
(20:33 / Allies) timg4strok: got a lot of chims
(20:34 / Allies) timg4strok: because
(20:37 / Allies) timg4strok: unupgraded
(22:01 / Allies) timg4strok: fuck that
(22:03 / Allies) timg4strok: fuck fiends
(23:00 / Allies) timg4strok: that aint up to much
(23:01 / Allies) timg4strok: i am afraid
(23:38 / Allies) timg4strok: ok im 80 bats
(24:52 / Allies) Goodmanners: got a stone
(24:56 / Allies) timg4strok: me too
(25:00 / Allies) timg4strok: gonan drop
(25:37 / Allies) Goodmanners: i'll take
(26:26 / Allies) timg4strok: go ahead
(26:39 / Allies) timg4strok: ok my bats are worthless
(26:40 / Allies) timg4strok: hitting the elf
(28:02 / Allies) timg4strok: batting red
(28:11 / All) BEAR_AND: good repairing
(28:26 / Allies) Goodmanners: i'm at like 500ish building
(29:39 / Allies) Goodmanners: need lumber
(30:42 / Allies) Goodmanners: nah i will
(30:57 / Allies) Goodmanners: ye
(31:03 / Allies) Goodmanners: hmm nope
(31:12 / Allies) Goodmanners: i do
(31:15 / Allies) Goodmanners: and i need lum
(32:43 / Allies) Goodmanners: bear
(32:45 / Allies) Goodmanners: hook me up with gold
(32:49 / Allies) timg4strok: hehhheheh
(33:39 / Allies) Goodmanners: timg
(33:43 / Allies) Goodmanners: gonna need you to go max wisp capacity
(33:51 / Allies) timg4strok: can we CRAK open middle
(33:51 / Allies) timg4strok: please
(34:05 / Allies) timg4strok: no
(34:07 / Allies) timg4strok: tim will yell at me
(34:22 / Allies) timg4strok: the real tim 4 strok
(34:24 / Allies) timg4strok: please stand up
(34:27 / Allies) Goodmanners: lum
(34:42 / Allies) timg4strok: please can we opencrak middle
(34:54 / Allies) Goodmanners: how would you
(34:59 / Allies) Goodmanners: like drop a fernal on the trees i guess
(35:01 / Allies) timg4strok: use like fucken
(35:32 / Allies) timg4strok: almost :(
(35:49 / Allies) Goodmanners: what happened
(36:57 / Allies) timg4strok: light a brutha
(37:22 / Allies) timg4strok: no i want them after u sell them
(37:24 / Allies) timg4strok: LO
(37:44 / Allies) timg4strok: many men
(37:48 / Allies) timg4strok: many many many many men
(38:13 / Allies) timg4strok: mata you have like 14k gold this is ridiculous
(38:13 / Allies) Goodmanners: you see guys harvesting lum
(38:15 / Allies) Goodmanners: just S them
(38:28 / Allies) timg4strok: approx 14k gold
(38:52 / Allies) timg4strok: i pity u
(39:34 / Allies) timg4strok: i suppoze
(39:45 / Allies) timg4strok: da blinnmeister
(39:59 / Allies) timg4strok: i will eblinnminate them
(40:11 / Allies) timg4strok: sounded easy enough
(40:39 / Allies) timg4strok: ARHGHGHg
(40:41 / Allies) timg4strok: i staffed like
(40:43 / Allies) timg4strok: 5 hours in advance
(41:14 / Allies) timg4strok: heheh
(41:24 / All) BEAR_AND: 2 late lOL!
(41:45 / Allies) Goodmanners: fixing
(42:15 / Allies) timg4strok: 5 dead towers
(43:04 / Allies) timg4strok: can i get some of those sobi masks you aren't using
(43:12 / Allies) timg4strok: i'm trying to take down approx 10 thousand towers
(43:17 / Allies) timg4strok: with shockwave
(43:46 / Allies) timg4strok: yo bear can you bring your AM
(43:51 / Allies) timg4strok: to help charge up my TC
(45:03 / Allies) Goodmanners: i could do this all day
(45:15 / Allies) Goodmanners: this..
(45:17 / Allies) Goodmanners: this is towering
(45:55 / Allies) timg4strok: this probably needs blinntention
(46:03 / Allies) Goodmanners: blintervention?
(46:04 / Allies) timg4strok: i have the blinntention of taking that siege out
(46:09 / Allies) timg4strok: yes blinntervention
(46:30 / Allies) timg4strok: YO FUCK THAT SIEGE TRYNNA KILL MY BRO MATA'S TOWERS
(48:34 / Allies) Goodmanners: need resources
(49:41 / Allies) timg4strok: these guys have so much siege it's ridonkulous
(49:50 / Allies) timg4strok: was killign siege on top
(49:52 / Allies) timg4strok: u fag
(49:56 / Allies) Goodmanners: okay
(49:59 / Allies) Goodmanners: how many towers per second they killing
(50:04 / Allies) Goodmanners: cause seriously i'm building faster
(50:16 / Allies) highper.ch: not many
(50:27 / Allies) highper.ch: every time they attk i go out and push them back
(50:35 / Allies) highper.ch: that is why i keep dying, one naga aint gonna deter much
(50:55 / All) highper.ch: FUCK SHIT PIZZA HERE HOLD ON BRB
(51:00 / Allies) timg4strok: wow
(51:03 / Allies) timg4strok: thanks a fucking lot
(51:11 / Allies) timg4strok: 1 dead tc
(51:13 / Allies) timg4strok: thanks to u
(52:13 / Allies) Goodmanners: if we lost this somehow
(52:21 / Allies) timg4strok: OH MY GOD
(52:23 / Allies) Goodmanners: it would be my fav map
(52:30 / Allies) Goodmanners: i mean fav game
(52:36 / Allies) Goodmanners: if we made the enemy kill like 3000 towers
(53:02 / Allies) Goodmanners: i'm at about 1.8 i think
(53:04 / Allies) Goodmanners: a ways to go yet
(54:12 / Allies) timg4strok: yo i gotta keep a dude
(54:13 / Allies) timg4strok: at each side
(54:17 / Allies) timg4strok: cos none of u fags want to help
(54:23 / All) highper.ch: fuck U FAGGOTS im bak and u unpaused
(54:33 / All) highper.ch: thank a lot dipshit
(54:37 / All) NaBz.corps: sorry :S
(54:52 / Allies) Goodmanners: do you guys like towers
(55:01 / Allies) Goodmanners: wow need resoruces
(55:02 / Allies) Goodmanners: i ran out :(
(56:14 / Allies) timg4strok: arhgghgh
(57:11 / Allies) timg4strok: im trying you faggot
(57:15 / Allies) timg4strok: i'm dealing with both bottom & top
(58:07 / Allies) timg4strok: oh my god
(58:41 / Allies) Goodmanners: i know
(58:46 / Allies) Goodmanners: setting up longer queues
(60:02 / Allies) timg4strok: build some fucken
(60:03 / Allies) timg4strok: moonwells out heah
(60:37 / Allies) timg4strok: argh where was the bolt
(61:42 / Allies) Goodmanners: ok this has gotta be over 2000
(62:25 / Allies) timg4strok: use your heros please bear and :(
(62:57 / Allies) timg4strok: noice
(63:00 / Allies) Goodmanners: holding down alt noticeably shittens up fps
(63:31 / All) Waves.Corp: gg
(63:36 / All) Goodmanners: don't leave
(63:36 / All) timg4strok: ?
(64:00 / All) Waves.Corp: cata vs tower yeah
(64:32 / Allies) timg4strok: dont have bats
(64:36 / Allies) timg4strok: they threatened to leave
(64:45 / Allies) Goodmanners: i think they were maybe calling gg as in victory?
(66:15 / Allies) timg4strok: like a guardian angel watching over ur resources
(66:34 / Allies) Goodmanners: haha
(66:36 / Allies) Goodmanners: didnät even notice
(66:43 / Allies) Goodmanners: the tower wall is encroaching
(67:32 / Allies) timg4strok: i had res :)
(67:33 / Allies) timg4strok: luckily!
(68:03 / Allies) timg4strok: left in shame
(68:05 / All) BEAR_AND: huahiahiahiahia
(68:12 / All) NaBz.corps: gg my compiuter can' play this game i don t see unite moove
(68:27 / All) Goodmanners: i have many tower yes
(68:47 / All) highper.ch: FUCK my hero all die
(68:49 / All) highper.ch: this lag hard
(68:56 / Allies) Goodmanners: getting 30 fps
(69:23 / Allies) BEAR_AND: for the record: 3.4 fps
(69:28 / Allies) timg4strok: 30 over fog of war
(69:29 / Allies) timg4strok: 15 over towers
(69:30 / Allies) Goodmanners: let the record show
(69:55 / Allies) timg4strok: nobody makes towers like mata makes towers
(69:57 / Allies) timg4strok: all i see is teal
(70:25 / All) NaBz.corps: i play for fun not for rated ... so i leave
(70:30 / All) highper.ch: huh no
(70:30 / All) Goodmanners: please dont
(70:49 / All) NaBz.corps: you like win like that?
(70:50 / Allies) timg4strok: nooo
(70:51 / All) Waves.Corp: haha
(70:55 / All) BEAR_AND: i never won
(71:05 / All) timg4strok: this my first game
(71:05 / All) BEAR_AND: i think pink one once
(71:07 / All) timg4strok: am I do ok?
(71:17 / All) Shoto.Corps: spé nb fucking english
(71:26 / All) highper.ch: suck dick yes
(71:51 / All) Shoto.Corps: I fuck you spe nb !
(72:16 / Allies) timg4strok: haha the undead is 99
(72:23 / Allies) timg4strok: THATS WHAT I SAID 15 HOURS AGO
(72:27 / Allies) timg4strok: 9/9
(72:46 / Allies) timg4strok: no storm bolt?
(73:16 / Allies) Goodmanners: killed hero
(73:17 / Allies) Goodmanners: needed more workers
(74:53 / Allies) Goodmanners: yeah alt is the fpskiller
(75:01 / Allies) Goodmanners: i have my stupid hold down alt all the time prog on
(75:04 / Allies) Goodmanners: fps down to 20
(75:04 / All) Shoto.Corps: fucking spé nb go delet
(75:13 / All) BEAR_AND: huahuahuahuauha
(75:15 / All) BEAR_AND: from?
(75:16 / All) highper.ch: is that the only non english you know
(75:17 / All) highper.ch: spe nb
(75:40 / All) Shoto.Corps: spe nb go suck me dick porfavor
(75:50 / All) highper.ch: i think it is.
(75:50 / Allies) timg4strok: some serious blinning there
(75:55 / All) highper.ch: fat america hahaha
(76:04 / All) timg4strok: huahuahua
(76:05 / All) highper.ch: fat american pretend to europe
(76:50 / Allies) Goodmanners: yo if this aint record
(76:50 / Allies) Goodmanners: then god
(76:51 / Allies) Goodmanners: damn
(76:57 / All) Shoto.Corps: xD
(76:58 / All) Waves.Corp: so
(76:58 / All) Waves.Corp: gg
(77:04 / All) highper.ch: gg u suck hahaa
(78:01 / Allies) timg4strok: killed like 9 meat wagons in one blinn
(78:07 / Allies) timg4strok: was nutso
(78:16 / Allies) timg4strok: kill their siege
(78:18 / Allies) timg4strok: then just leave them be
(78:18 / All) Shoto.Corps: thx i am non americain i am english ( english nb xD ) ++ spe nb
(78:27 / All) highper.ch: ???
(78:45 / Allies) timg4strok: note biene
(78:47 / Allies) timg4strok: note well
(78:50 / All) Goodmanners: nb=noob?
(78:58 / All) highper.ch: hahahahehehehehohohohohahahaha
(79:11 / Allies) timg4strok: that's not what i suggested
(79:13 / All) timg4strok: huahuahuaha
(79:30 / Allies) timg4strok: i been drip feeding mata whole game
(79:50 / Allies) Goodmanners: nah
(79:58 / Allies) Goodmanners: he he he
(80:17 / Allies) timg4strok: how do you have 50k
(80:37 / Allies) Goodmanners: so thats where the other 50k went
(80:38 / Allies) Goodmanners: burn;
(80:55 / Allies) timg4strok: hope you can spend them all
(80:55 / Allies) Goodmanners: dont think i even can take a screen
(81:10 / Allies) timg4strok: man even if you take the time to just examine
(81:15 / Allies) timg4strok: you can never see all the towers
(81:23 / Allies) Goodmanners: nvidia and shit will be using this
(81:24 / Allies) Goodmanners: to bench
(81:28 / Allies) Goodmanners: new cards
(82:13 / Allies) Goodmanners: ok lets mine out friends
(82:37 / Allies) BEAR_AND: it's impossible to scroll
(82:48 / Allies) Goodmanners: gotta tab and turn off hp bars
(82:54 / Allies) BEAR_AND: z1
(82:59 / Allies) BEAR_AND: 1
(83:13 / Allies) Goodmanners: dont think so
(83:18 / Allies) Goodmanners: it'd be like staffing a ward or w/e
(83:35 / Allies) Goodmanners: you donät TP with tornados
(83:53 / Allies) Goodmanners: mine relapsed
(84:02 / Allies) timg4strok: my main is about to
(84:17 / Allies) timg4strok: this mine
(84:19 / Allies) timg4strok: is mine
(84:26 / Allies) timg4strok: what's mine is mine
(84:39 / Allies) timg4strok: i'm going to piss & maybe get a drink
(85:01 / Allies) Goodmanners: smart
(86:52 / Allies) timg4strok: tim i found that thing you said about the tree & shredder
(86:54 / Allies) timg4strok: to b very funny
(87:08 / Allies) timg4strok: i don't know it's just a funny mental image heh
(87:29 / Allies) Goodmanners: idk it's pretty clever
(88:14 / Allies) Goodmanners: LastReplay
(88:26 / Allies) Goodmanners: not at all sure
(89:03 / Allies) Goodmanners: crazy
(89:06 / Allies) Goodmanners: this will be some icarus shit
(89:22 / Allies) timg4strok: tenthleveltaurenchieftan
(89:38 / Allies) timg4strok: what's the actual cheat code again
(89:44 / Allies) Goodmanners: it is that iirc
(89:54 / Allies) timg4strok: it has a real life relevance u c
(90:14 / Allies) timg4strok: nothing beats dryad
(90:19 / Allies) timg4strok: unless I get some tauren or some shit idk
(90:38 / Allies) timg4strok: 12 in main tower sections
(90:39 / Allies) Goodmanners: bear and claims to be getting 0.2 fps
(90:41 / Allies) timg4strok: why u guys bellyaching
(91:41 / Allies) timg4strok: that other big ol line was a certified trail of tears
(91:42 / Allies) Goodmanners: the ones that dropped mayeb not
(91:43 / Allies) timg4strok: def
(91:57 / Allies) timg4strok: they still automine dont they
(91:59 / Allies) Goodmanners: no
(92:04 / Allies) Goodmanners: if you elave or disc you dont mine anymore
(92:20 / Allies) highper.ch: you have to micro it
(92:25 / Allies) highper.ch: like manny mining
(92:45 / Allies) timg4strok: i like these wisps
(93:45 / Allies) timg4strok: journeymannymining
(94:11 / Allies) timg4strok: LVCIVS VORENVS
(94:20 / Allies) timg4strok: neva
(94:36 / Allies) timg4strok: i'm looking forward to house s4e2
(95:32 / Allies) timg4strok: that dryad looks fuckin weird as heck
(95:33 / Allies) timg4strok: with no shadows
(97:06 / Allies) timg4strok: i imagine it is a full time job
(97:13 / Allies) timg4strok: having 45 food of woikers constantl building towers
(97:18 / Allies) Goodmanners: i'm doing abd
(97:21 / Allies) Goodmanners: i'm like 20 idle
(97:57 / Allies) Goodmanners: this is my current max TPM i think
(98:40 / Allies) timg4strok: we are one
(98:42 / Allies) timg4strok: we are free
(98:44 / Allies) Goodmanners: nah i wrote that
(98:51 / Allies) timg4strok: i replied to u :)
(99:29 / Allies) Goodmanners: down to 10 idle
(99:30 / Allies) Goodmanners: gogogogo
(100:00 / Allies) timg4strok: 0.5 fps upon tabbing in heh
(102:07 / Allies) timg4strok: dang
(102:16 / Allies) timg4strok: we gotta be careful we don't kill some last building of theirs
(102:24 / Allies) timg4strok: leave them with like one building fenced off by towers which can't hit it
(102:34 / Allies) Goodmanners: then i upgrade the last towers
(102:36 / Allies) Goodmanners: at the same time
(102:36 / Allies) timg4strok: and never let anything get inside those towers
(102:48 / Allies) timg4strok: yeah like a ritual sacrifice
(102:49 / Allies) Goodmanners: we could start killing and rebuilding
(102:50 / Allies) Goodmanners: to inflate score
(102:57 / Allies) timg4strok: mmh
(103:02 / Allies) timg4strok: nah it's not worth it
(103:05 / Allies) timg4strok: that's not in the spirit of towers
(103:13 / Allies) Goodmanners: not even 50% of the map
(103:16 / Allies) Goodmanners: is towred atm
(105:00 / Allies) timg4strok: wow that was a serious blinn moment
(105:05 / Allies) timg4strok: 9 glaive throwers
(105:17 / Allies) Goodmanners: well
(105:17 / Allies) Goodmanners: sure
(105:22 / Allies) Goodmanners: who here is capable of ending the agme tho
(105:28 / Allies) timg4strok: me?
(105:33 / Allies) Goodmanners: go ahead then bro
(105:50 / Allies) timg4strok: i been avoiding buildings y'know
(105:51 / Allies) timg4strok: only killing units
(106:22 / Allies) Goodmanners: that's fine
(106:40 / Allies) Goodmanners: yeah i am
(107:10 / Allies) timg4strok: crazyblinnmoments.w3g
(108:07 / Allies) timg4strok: i'm still getting a solid 9
(108:33 / Allies) timg4strok: i'm killing them fine
(108:34 / Allies) timg4strok: 10fps
(108:42 / Allies) Goodmanners: do you get that in the towerfields too
(108:47 / Allies) Goodmanners: cause if so how much ram do you have damn
(108:48 / Allies) timg4strok: yes
(108:57 / Allies) timg4strok: well nah 5 in the really intense portions
(109:10 / Allies) timg4strok: only have a gig of ram
(109:22 / Allies) timg4strok: 1600x1200
(109:26 / Allies) timg4strok: everything turned up
(109:45 / Allies) Goodmanners: i'm running uotta gold
(110:03 / Allies) timg4strok: yo just to let you know
(110:07 / Allies) timg4strok: i'm on to their last base
(110:19 / Allies) Goodmanners: 5 k gold
(110:21 / Allies) Goodmanners: bunch of lumber
(110:33 / Allies) Goodmanners: halfway
(110:56 / Allies) timg4strok: absolutely sure you want me to finish it?
(111:14 / Allies) Goodmanners: i'm out fo gold
(111:15 / Allies) Goodmanners: end it
(111:26 / Allies) Goodmanners: wow damn
(111:32 / Allies) Goodmanners: bear gave me 40
(111:42 / Allies) Goodmanners: yes
(112:29 / Allies) timg4strok: approx 10 buildings 2 go
(112:30 / Allies) timg4strok: get ready
(112:56 / Allies) timg4strok: 3
(112:58 / Allies) timg4strok: 2
(113:17 / Allies) timg4strok: FINAL BUILDING
(113:30 / Allies) timg4strok: tell him
(113:32 / Allies) timg4strok: it's last building
(113:36 / Allies) Goodmanners: yeah tiomg
(113:49 / Allies) timg4strok: TALK ON VENT
(114:09 / Allies) timg4strok: make bear and leave the game
(114:27 / Allies) timg4strok: yes
(114:53 / Allies) Goodmanners: make it happen
(114:54 / Allies) timg4strok: haha jeez
(114:58 / Allies) timg4strok: ok this ends:
(115:14 / Allies) timg4strok: hahah
(115:18 / Allies) timg4strok: are you not out of the game yet
(115:24 / Allies) Goodmanners: this is warcraft 3 pushedf to the limit
(115:35 / Allies) timg4strok: oh my god this is ludicrous
(115:44 / Allies) timg4strok: THAT WAS LIEK 20 MINUTES AGO
(116:00 / Allies) timg4strok: ok hopefully we won't fatal except...